 Dungeon Crawl Stone Soup version 0.20-a0-433-g9e36e56 (webtiles) character file.

12107204 HagarQim the Bringer of Light (level 27, 137/268 HPs)
             Began as a Deep Dwarf Fighter on Dec 30, 2016.
             Was the Champion of the Shining One.
             Escaped with the Orb
             ... and 15 runes on Jan 4, 2017!
             The game lasted 22:19:27 (136197 turns).

HagarQim the Bringer of Light (DDFi)              Turns: 136197, Time: 22:19:27

Health: 137/268    AC: 50    Str: 33    XL:     27
Magic:  10/10      EV: 17    Int:  6    God:    the Shining One [******]
Gold:   18044      SH: 39    Dex:  7    Spells: 53/53 levels left

rFire  + + .     SeeInvis +     a - +9 broad axe (holy)
rCold  + + +     Gourm    .     D - +4 gold dragon scales
rNeg   + + +     Faith    +     e - +7 large shield "Wojyruec" {*Slow MR+ Slay+3}
rPois  +         Spirit   .     V - +2 helmet of the Arcane {rPois rC+++ Regen+ Int-3}
rElec  +         Reflect  .     M - +2 cloak
rCorr  .         Harm     .     j - +3 pair of gauntlets of War {Slay+5}
MR     +++++     Rnd*Tele +     U - +2 pair of boots of the Game Afoot {+Fly SInv}
Stlth  ..........               O - amulet "Xyarr" {Faith rElec rPois Str+4 Dex-5}
                                c - ring "Sejukka" {rF+ MR+ Dex+2 Stlth-}
                                p - ring "Rausinoj" {rElec MR+ Slay+5}

@: non-regenerating, glowing, studying Unarmed Combat
A: damage resistance, recharge devices, large bone plates 1, blurry vision 1,
clumsy 1, dopey 1, frail 1, low mp 1, negative energy resistance 1, sense
surroundings 3, screaming 1, shaggy fur 2, slow regeneration 3, teleportitis 1,
weak 1, MP-powered wands
0: Orb of Zot
}: 15/15 runes: decaying, serpentine, slimy, silver, golden, iron, obsidian,
icy, bone, abyssal, demonic, glowing, magical, fiery, dark
a: Heal Wounds, Divine Shield, Cleansing Flame, Summon Divine Warrior, Renounce
Religion, Evoke Flight


You escaped.
You worshipped the Shining One.
The Shining One was exalted by your worship.
You were not hungry.

You visited 18 branches of the dungeon, and saw 90 of its levels.
You visited Pandemonium 7 times, and saw 36 of its levels.
You visited the Abyss 8 times.
You also visited: Labyrinth, Trove, Bailey, Ice Cave and Wizlab.

You collected 20249 gold pieces.
You spent 2205 gold pieces at shops.

Inventory:

Hand Weapons
 a - a +9 broad axe of holy wrath (weapon)
 i - the +10 rapier "Doylu" {pierce, Fragile Str+4}
   (You found it on level 7 of Tartarus)

   It inflicts extra damage upon your enemies.
   It affects your strength (+4).
   It will be destroyed if unequipped.
 w - the +9 fustibalus of Courage {flame, +Fly Dex+5 Stlth-}
   (You found it on level 7 of Tartarus)

   It causes projectiles fired from it to burn those they strike, causing extra
   injury to most foes and up to half again as much damage against particularly
   susceptible opponents.
   It affects your dexterity (+5).
   It lets you fly.
   It makes you less stealthy.
 S - the +11 mace of the Forgotten Princes {freeze, rC++ SInv}
   (You found it on level 1 of the Tomb of the Ancients)

   It has been specially enchanted to freeze those struck by it, causing extra
   injury to most foes and up to half again as much damage against particularly
   susceptible opponents.
   It can also slow down cold-blooded creatures.
   It greatly protects you from cold.
   It lets you see invisible.
Missiles
 q - 106 sling bullets
 L - 24 tomahawks of returning (quivered)
Armour
 e - the +7 large shield "Wojyruec" (worn) {*Slow MR+ Slay+3}
   (You found it on level 5 of the Pits of Slime)

   It affects your accuracy and damage with ranged weapons and melee attacks
   (+3).
   It affects your resistance to hostile enchantments.
   It may slow you when you take damage.
 j - the +3 pair of gauntlets of War (worn) {Slay+5}
   (You found it on level 5 of the Depths)

   It affects your accuracy and damage with ranged weapons and melee attacks
   (+5).
 D - +4 gold dragon scales (worn)
 M - a +2 cloak (worn)
 U - the +2 pair of boots of the Game Afoot (worn) {+Fly SInv}
   (You found it in Pandemonium)

   It lets you see invisible.
   It lets you fly.
 V - the +2 helmet of the Arcane (worn) {rPois rC+++ Regen+ Int-3}
   (You found it on level 14 of the Dungeon)

   It affects your intelligence (-3).
   It renders you almost immune to cold.
   It protects you from poison.
   It increases your rate of regeneration.
Jewellery
 c - the ring "Sejukka" (right hand) {rF+ MR+ Dex+2 Stlth-}
   (You found it in a treasure trove)

   [ring of loudness]

   It affects your dexterity (+2).
   It protects you from fire.
   It affects your resistance to hostile enchantments.
   It makes you less stealthy.
 f - the ring of Genieple {+Blink rN+ Int-4 Stlth-}
   (You found it on level 7 of Gehenna)

   [ring of loudness]

   It affects your intelligence (-4).
   It protects you from negative energy.
   It lets you blink.
   It makes you less stealthy.
 n - the amulet of Secrets {Gourm +Inv rPois}
   (You acquired it in Pandemonium)

   [amulet of the gourmand]

   It allows you to eat raw meat even when not hungry.
   It protects you from poison.
   It lets you turn invisible.
 p - the ring "Rausinoj" (left hand) {rElec MR+ Slay+5}
   (You took it off a deep elf elementalist on level 3 of the Elven Halls)

   [ring of protection from magic]

   It affects your accuracy and damage with ranged weapons and melee attacks
   (+5).
   It insulates you from electricity.
   It affects your resistance to hostile enchantments.
 s - the ring of Checkmate {Dex-3 Slay+3 SInv Stlth+}
   (You found it in a treasure trove)

   [ring of stealth]

   It affects your dexterity (-3).
   It affects your accuracy and damage with ranged weapons and melee attacks
   (+3).
   It lets you see invisible.
   It makes you more stealthy.
 u - a +5 ring of strength
 H - an uncursed ring of resist corrosion
 N - the ring of Salvation {rPois rF+ Str-2}
   (You found it on level 3 of the Crypt)

   [ring of strength]

   It affects your strength (-2).
   It protects you from fire.
   It protects you from poison.
 O - the amulet "Xyarr" (around neck) {Faith rElec rPois Str+4 Dex-5}
   (You found it in a treasure trove)

   [amulet of faith]

   It allows you to gain divine favour quickly.
   It affects your strength (+4).
   It affects your dexterity (-5).
   It insulates you from electricity.
   It protects you from poison.
 R - a cursed +5 amulet of reflection
Wands
 h - a wand of digging (10/24)
 m - a wand of scattershot (5/9)
 z - a wand of disintegration (22/24)
Scrolls
 b - 33 scrolls of identify
 d - 7 scrolls of blinking
 g - a scroll of holy word
 k - 27 scrolls of recharging
 l - 40 scrolls of remove curse
 o - 2 scrolls of enchant weapon
 r - a scroll of amnesia
 v - 21 scrolls of teleportation
 B - 18 scrolls of fog
 I - 8 scrolls of fear
 T - 11 scrolls of magic mapping
 Y - 5 scrolls of silence
Potions
 x - 14 potions of curing
 A - 23 potions of flight
 E - 2 potions of berserk rage
 F - 4 potions of haste
 W - 3 potions of might
 X - 8 potions of cancellation
 Z - a potion of resistance
Books
 K - a book of the Earth

   Spells                             Type                      Level
   a - Leda's Liquefaction            Hexes/Earth                  4
   b - Bolt of Magma                  Conjuration/Fire/Earth       5
   c - Statue Form                    Transmutation/Earth          6
   d - Iron Shot                      Conjuration/Earth            6
   e - Shatter                        Earth                        9
 Q - a manual of Unarmed Combat
Miscellaneous
 t - 6 phantom mirrors
 y - a figurine of a ziggurat
 C - a lightning rod (4/4)
Comestibles
 J - 40 meat rations
 P - 7 bread rations


   Skills:
 O Level 27 Fighting
 - Level 1.0(7.3) Short Blades
   Level 12.3 Long Blades
 O Level 27 Axes
 + Level 5.9(18.1) Maces & Flails
   Level 0.8(16.2) Polearms
 O Level 27 Slings
 O Level 27 Armour
 O Level 27 Dodging
 * Level 25.2 Stealth
 O Level 27 Shields
 - Level 2.0 Unarmed Combat
 + Level 13.6 Spellcasting
 O Level 27 Invocations
 O Level 27 Evocations


You had 53 spell levels left.
You didn't know any spells.

Dungeon Overview and Level Annotations

Branches:
Dungeon (15/15)            Temple (1/1) D:6            Lair (6/6) D:10
  Swamp (4/4) Lair:2        Snake (4/4) Lair:3        Slime (5/5) Lair:5
    Orc (2/2) D:12            Elf (3/3) Orc:2        Vaults (5/5) D:14
  Crypt (3/3) Vaults:3       Tomb (3/3) Crypt:3      Depths (5/5) D:15
   Hell (1/1)                 Dis (7/7) Hell            Geh (7/7) Hell
    Coc (7/7) Hell            Tar (7/7) Hell            Zot (5/5) Depths:5

Altars:
Ashenzari
Cheibriados
Dithmenos
Elyvilon
Fedhas
Gozag
Hepliaklqana
Kikubaaqudgha
Makhleb
Nemelex Xobeh
Okawaru
Qazlal
Ru
Sif Muna
Trog
Uskayaw
Vehumet
Xom
Yredelemnul
Zin
The Shining One
Beogh
Jiyva

Shops:
Orc:2 (!([   Elf:3 =}=(   Snake:4 (   Vaults:1 ((}(   Vaults:5 *   Depths:1 =%

Portals:
Hell: Depths:1 Depths:2 Depths:3 Depths:4 Depths:5
Abyss: Depths:2 Depths:4
Pandemonium: Depths:3
Ziggurat: Depths:3

Annotations:
D:6 exclusion: statue
Vaults:3 1 exclusion
Depths:4 3 runed doors


Innate Abilities, Weirdness & Mutations

You are resistant to damage.
You can recharge devices by infusing magical energy.
You resist negative energy. (rN+)
You passively map a large area around you.
You do not regenerate.
You are partially covered in large bone plates. (SH +4)
Scrolls take you a little longer to read.
You are clumsy. (Dex -2)
You are dopey. (Int -2)
You are frail. (-10% HP)
Your magical capacity is low. (-10% MP)
You occasionally shout uncontrollably at your foes.
You are covered in thick fur. (AC +2)
You are occasionally teleported next to monsters.
You are weak. (Str -2)
You expend magic power (3 MP) to strengthen your wands.


Message History

(H) Hell (I) Dis (G) Gehenna (X) Cocytus (Y) Tartarus (Z) Zot
Where to? (Enter - D:1 @ (x,y), ? - help)
A goblin comes into view. It is wielding a dagger.
The goblin shouts!
Wield which item (- for none, * to show all)? (? for menu, Esc to quit)
Okay, then.
Wear which item? (? for menu, Esc to quit)
Okay, then.
Wield which item (- for none, * to show all)? (? for menu, Esc to quit)
Your +9 broad axe of holy wrath stops glowing.
You are now empty-handed.
You block the goblin's attack.
You pummel the goblin!!
You kill the goblin!
Wield which item (- for none, * to show all)? (? for menu, Esc to quit)
Your +9 broad axe of holy wrath softly glows with a divine radiance!
a - a +9 broad axe of holy wrath (weapon)
There is a staircase leading out of the dungeon here.
You have escaped!

.##..#.##
#......########
.##..#..# ##...#.#
####.##.# ##....#.#
# #..#.# ##...###.#
# #....# #.....#.##
# ##..## #...)#..#
#####.## ##......##
##..#..# #........#
###....###.....(@.##
###....##........#.#
..#....##........###
#.##...##.......##
..###......######
### #.....## #######
#### ...#


There were no monsters in sight!

Vanquished Creatures
  Cerebov (Pan)
  Asmodeus (Geh:7)
  the Royal Jelly (Slime:5)
  Ereshkigal (Tar:7)
  Gloorx Vloq (Pan)
  the Serpent of Hell (Geh:7)
  Lom Lobon (Pan)
  Mnoleg (Pan)
  5 orbs of fire
  Dispater (Dis:7)
  The ghost of newbie the Impregnable, a legendary MiBe of Trog (Pan)
  Mara (Vaults:2)
  A juggernaut (Depths:4)
  9 ancient liches
  29 greater mummies
  Bai Suzhen (Swamp:4)
  Margery (Depths:4)
  Frederick (Depths:3)
  Boris (Depths:4)
  Saint Roka (Orc:2)
  3 shard shrikes (Coc:1)
  3 curse toes
  8 Killer Klowns
  Geryon (Hell)
  13 golden dragons
  4 profane servitors
  10 bone dragons
  A pearl dragon (Depths:1)
  4 doom hounds
  18 Brimstone Fiends
  9 iron giants (Dis:7)
  21 tentacled monstrosities
  5 electric golems
  25 Tzitzimimeh
  26 Orb Guardians
  Rupert (D:13)
  32 Ice Fiends
  A moon troll (WizLab)
  4 titans
  16 Hell Sentinels
  Asterion (Elf:1)
  13 liches
  Murray (Hell)
  A deep elf master archer (Elf:3)
  15 quicksilver dragons
  3 deep elf blademasters
  10 death cobs
  30 pandemonium lords
  27 acid blobs
  3 eldritch tentacles
  21 ancient champions
  7 tengu reavers
  8 sphinxes
  Gastronok (Lair:3)
  50 Executioners
  23 tentacled starspawn
  8 draconian monks
  4 revenants
  16 storm dragons
  20 shadow dragons
  12 azure jellies
  5 draconian knights
  2 thorn hunters
  Agnes (Snake:1)
  10 nagarajas
  A daeva (Abyss:1)
  9 deep elf sorcerers
  11 fire giants
  65 balrugs
  A caustic shrike zombie (Depths:2)
  52 cacodemons
  2 draconian scorchers
  11 frost giants
  20 warmongers (Pan)
  Aizul (Elf:1)
  10 iron dragons
  9 draconian shifters
  5 ghost moths
  8 deep elf elementalists
  A juggernaut zombie (Depths:4)
  16 vault wardens
  5 angels (Pan)
  7 curse skulls
  11 draconian annihilators
  109 reapers
  7 ghouls
  4 draconian stormcallers
  6 war gargoyles
  44 very ugly things
  An elemental wellspring (Coc:7)
  4 ophanim
  2 spriggan defenders (Depths:5)
  17 ironheart preservers
  16 blood saints (Pan)
  23 stone giants
  9 black draconians
  12 green draconians
  19 bennus
  Nessos (D:13)
  3 deep elf demonologists
  15 white draconians
  16 corrupters (Pan)
  20 black suns (Pan)
  Azrael (D:13)
  4 apis
  8 vampire knights
  4 spark wasps
  10 purple draconians
  13 deep elf annihilators
  42 lorocyprocas
  14 yellow draconians
  22 red draconians
  45 blizzard demons
  A dire elephant (D:15)
  21 mummy priests
  44 green deaths
  A merfolk javelineer (Depths:5)
  11 jiangshi
  13 deep elf death magi
  12 eidola
  18 ettins
  2 kraken zombies
  A minotaur (Depths:2)
  11 death oozes (Slime:5)
  6 quicksilver dragon zombies
  8 deep elf high priests
  9 yaktaur captains
  A spectral kraken (Tar:7)
  23 great orbs of eyes
  20 ice dragons
  9 fire dragons
  30 vault guards
  3 quicksilver dragon skeletons
  25 hydras
  13 rakshasas
  24 anacondas
  24 naga warriors
  8 ghost crabs
  15 monstrous demonspawn (Pan)
  2 spriggan air magi
  53 two-headed ogres
  10 hell beasts
  A catoblepas (D:15)
  11 centaur warriors
  The ghost of dondy the Carver, a journeyman DsAK of Lugonu (D:9)
  2 alligators
  8 death knights
  An anaconda (shapeshifter) (Vaults:5)
  7 vampire magi
  22 dancing weapons
  15 deep troll earth magi
  8 titan zombies
  A two-headed ogre (shapeshifter) (Vaults:4)
  The ghost of CDDA the Spear-Bearer, a novice MfGl of Okawaru (D:10)
  10 spriggan berserkers
  31 death scarabs
  12 naga sharpshooters
  19 ogre magi
  12 deep troll shamans
  9 hell hogs
  An alligator (shapeshifter) (Depths:4)
  8 death yaks
  8 tengu warriors
  5 shock serpents
  A shock serpent (shapeshifter) (Elf:1)
  9 thrashing horrors
  5 storm dragon zombies
  5 orc high priests
  2 iron golems (Hell)
  Sonja (D:12)
  30 deep elf knights
  A fire crab (Lair:6)
  30 small abominations
  95 soul eaters
  13 salamander mystics
  138 sun demons
  A fire crab (shapeshifter) (Vaults:2)
  2 titan skeletons
  A spark wasp zombie (Depths:4)
  3 storm dragon skeletons
  15 shadow wraiths
  13 wretched stars
  16 iron trolls
  122 skeletal warriors
  A sea snake (Snake:1)
  A quicksilver dragon simulacrum (Hell)
  A death drake (shapeshifter) (Depths:5)
  A deep troll (shapeshifter) (Depths:4)
  13 hell knights
  39 deep trolls
  76 sixfirhies
  21 torturous demonspawn (Pan)
  A cherub (Pan)
  18 infernal demonspawn (Pan)
  16 flayed ghosts
  A ghost moth zombie (Dis:7)
  2 shadow dragon zombies
  4 spriggan druids
  A glowing orange brain (shapeshifter) (Vaults:4)
  13 glowing orange brains
  20 gelid demonspawn
  4 unseen horrors
  An orange crystal statue (WizLab)
  5 golden dragon zombies
  8 naga ritualists
  15 wizards
  11 anaconda zombies
  15 swamp dragons
  13 deep elf archers
  4 shambling mangroves
  3 golden dragon skeletons
  14 orc knights
  53 shadow demons
  A swamp dragon (shapeshifter) (Depths:5)
  10 harpies
  26 phantasmal warriors
  8 necromancers
  7 ironbrand convokers
  4 anaconda skeletons
  4 wolf spider zombies
  5 lindwurms
  7 frost giant zombies
  131 large abominations
  9 mana vipers
  A shining eye (shapeshifter) (Vaults:5)
  40 ugly things
  3 cyclopes
  8 wolf spiders
  9 iron dragon zombies
  62 deep elf magi
  10 stone giant zombies
  2 shadow dragon skeletons
  4 shining eyes
  7 fire giant zombies
  9 orc sorcerers
  16 salamanders
  2 worldbinders
  A moth of wrath (shapeshifter) (Vaults:4)
  16 elephants
  2 manticores
  An elephant (shapeshifter) (Vaults:1)
  162 slime creatures
  26 moths of wrath
  2 shock serpent zombies
  A water nymph (shapeshifter) (Vaults:1)
  5 fire giant skeletons
  3 frost giant skeletons
  41 black mambas
  A torpor snail (shapeshifter) (Vaults:2)
  4 stone giant skeletons
  Joseph (D:8)
  4 iron dragon skeletons
  16 vault sentinels
  13 eyes of devastation
  11 guardian serpents
  25 naga magi
  2 dire elephant zombies
  59 orange demons
  3 apocalypse crabs
  A shock serpent skeleton (Pan)
  45 rust devils
  141 smoke demons
  18 molten gargoyles
  A guardian serpent (shapeshifter) (Vaults:3)
  A titan simulacrum (Hell)
  2 dire elephant skeletons
  2 ice statues
  19 spiny frogs
  Maurice (Orc:2)
  2 gargoyles
  2 spriggan skeletons
  10 spectral swamp worms (Tar:7)
  4 kobold demonologists
  41 hellions
  2 emperor scorpion zombies (Geh:7)
  A spiny frog (shapeshifter) (Vaults:5)
  A yaktaur (shapeshifter) (Vaults:1)
  63 yaktaurs
  65 demonic crawlers (Pan)
  34 freezing wraiths
  A red draconian zombie (Crypt:1)
  51 hellwings
  2 rime drakes
  71 tormentors
  11 komodo dragons
  An alligator snapping turtle skeleton (Crypt:2)
  A catoblepas zombie (Coc:7)
  7 hydra zombies
  A komodo dragon (shapeshifter) (Vaults:1)
  13 efreet
  4 silent spectres
  A red draconian skeleton (Tar:5)
  33 ice devils
  A white draconian skeleton (Crypt:2)
  98 red devils
  14 ancient zymes
  3 tengu conjurers
  A pale draconian skeleton (Crypt:1)
  45 guardian mummies
  4 tyrant leeches
  2 merfolk (shapeshifter)
  A queen bee (shapeshifter) (Vaults:4)
  A polar bear (shapeshifter) (Vaults:4)
  2 jumping spiders (Crypt:3)
  A queen bee (Abyss:3)
  A harpy zombie (Geh:7)
  A merfolk (D:12)
  A wind drake (shapeshifter) (Depths:1)
  32 hornets
  A tengu simulacrum (Depths:1)
  23 raiju
  5 trolls
  13 polar bears (IceCv)
  2 raiju (shapeshifter)
  8 ice dragon zombies
  7 fire dragon zombies
  5 meliai (Abyss:3)
  8 alligator zombies
  2 hornets (shapeshifter)
  A dream sheep (shapeshifter) (Vaults:4)
  8 hippogriffs
  5 hydra skeletons
  10 bog bodies
  A harpy skeleton (Abyss:4)
  19 blink frogs
  A meliai zombie (D:14)
  82 flying skulls
  6 ettin zombies
  98 ynoxinuls
  8 air elementals
  2 redbacks (Crypt:3)
  2 black mamba zombies
  3 ice dragon skeletons
  21 spriggans
  4 vampires
  14 water elementals
  A fire dragon skeleton (Pan)
  5 ettin skeletons
  16 shadows
  A satyr skeleton (Crypt:1)
  An alligator skeleton (Dis:4)
  33 wraiths
  Eustachio (D:6)
  9 ushabtiu
  The ghost of WobbleTop the Sneak, an amateur SpEn (D:3)
  3 black mamba skeletons
  58 yaks
  17 golden eyes
  8 wyverns
  51 fire elementals
  A human (shapeshifter) (Vaults:1)
  2 steam dragons (Lair:6)
  A hog (shapeshifter) (Depths:3)
  7 hungry ghosts
  70 neqoxecs
  31 vampire mosquitoes
  3 basilisks
  A yaktaur simulacrum (Depths:1)
  96 chaos spawn
  20 insubstantial wisps
  43 nagas
  A hydra simulacrum (Hell)
  Edmund (D:6)
  A water nymph zombie (Crypt:2)
  16 swamp worms
  5 acid dragons
  99 hell hounds
  A soldier ant (D:14)
  12 water moccasins
  5 wargs
  2 merfolk zombies
  7 porcupines
  A floating eye (Depths:4)
  14 spiny frog zombies
  13 swamp drakes
  A merfolk skeleton (Geh:7)
  7 sky beasts
  6 spiny frog skeletons
  An ettin simulacrum (Abyss:1)
  An eye of draining (shapeshifter) (Vaults:2)
  4 ice beasts
  An alligator simulacrum (Tomb:2)
  19 necrophages
  5 black bears
  11 eyes of draining
  50 orc warriors
  42 ogres
  4 snapping turtle zombies
  49 starcursed masses
  30 wolves
  A boggart (Depths:1)
  8 phantoms
  A swamp dragon skeleton (Geh:7)
  26 centaurs
  A snapping turtle skeleton (Coc:7)
  13 crocodiles
  A big kobold (D:14)
  7 bullfrogs
  A bullfrog (shapeshifter) (Vaults:5)
  6 earth elementals
  A spiny frog simulacrum (Abyss:1)
  6 wyvern skeletons (Crypt:3)
  3 scorpions
  A spriggan zombie (Dis:7)
  17 killer bees
  A troll zombie (Dis:5)
  66 wights
  A troll skeleton (Coc:7)
  3 electric eels (Snake:1)
  6 howler monkeys
  5 lava snakes (Lair:6)
  17 crimson imps
  4 centaur zombies
  7 quasits
  Crazy Yiuf (D:3)
  5 hounds
  5 human zombies
  4 bullfrog skeletons
  2 bullfrog zombies (D:10)
  6 jellies
  6 centaur skeletons
  34 orc wizards
  30 iron imps
  32 orc priests
  3 human skeletons (Crypt:1)
  Terence (D:2)
  Natasha (thrice) (D:3)
  8 iguanas
  12 worker ants
  8 hell rats
  A crocodile zombie (Crypt:2)
  A tengu zombie (Crypt:3)
  An ogre zombie (Geh:7)
  A naga zombie (Hell)
  3 tengu skeletons
  A crocodile skeleton (Crypt:1)
  An ogre skeleton (Geh:6)
  71 mummies
  2 worker ant zombies
  Robin (D:2)
  12 adders
  17 gnolls
  A scorpion zombie (Crypt:2)
  8 shadow imps
  20 white imps
  6 ufetubi
  A worm zombie (Crypt:1)
  An adder zombie (D:5)
  2 adder skeletons
  3 worms
  9 ball lightnings (Pan)
  A dart slug (D:3)
  6 leopard geckos
  144 orcs
  A ball python (D:1)
  6 giant cockroaches
  16 goblins
  21 hobgoblins
  12 jackals
  4 quokkas
  6 bats
  5 frilled lizards
  A giant cockroach zombie (Crypt:2)
  A hobgoblin zombie (Crypt:1)
  28 kobolds
  A kobold skeleton (Tar:7)
  A leopard gecko skeleton (D:4)
  4 rats
  A block of ice (Pan)
  2 bushes (Lair:6)
  6 crawling corpses
  4 fire vortices
  6 fungi
  13 plants
  12 starspawn tentacles
  5 tentacles
  11 withered plants (Crypt:3)
6519 creatures vanquished.

Vanquished Creatures (collateral kills)
  Antaeus (Coc:7)
  the Lernaean hydra (Swamp:4)
  A pandemonium lord (Pan)
  Jorgrun (Tomb:1)
  A Brimstone Fiend (Geh:7)
  A Tzitzimitl (Tar:7)
  An Ice Fiend (Coc:7)
  An iron giant (Dis:7)
  A titan (Vaults:5)
  An Orb Guardian (Zot:5)
  An ancient champion (Tomb:3)
  A shadow dragon (Zot:5)
  A revenant (Tomb:3)
  A balrug (Pan)
  3 reapers
  An apis (Pan)
  2 bennus (Tomb:3)
  A deep elf annihilator (Elf:3)
  2 deep elf death magi (Elf:3)
  A titan skeleton (Tar:7)
  4 skeletal warriors
  A large abomination (Pan)
  3 iron trolls (Dis:7)
  2 shadow demons (Tar:7)
  An infernal demonspawn (Pan)
  An anaconda skeleton (Hell)
  A phantasmal warrior (Tar:7)
  A swamp dragon (Swamp:4)
  A stone giant zombie (Tar:7)
  A deep elf mage (Elf:3)
  2 ice devils
  3 guardian mummies
  2 tormentors
  A hydra zombie (Coc:7)
  A bog body (Swamp:4)
  5 flying skulls
  An ushabti (Tomb:1)
  A shadow (Tar:7)
  A water elemental (Coc:7)
  A spiny frog zombie (Coc:7)
  An orc warrior (Orc:2)
  2 swamp drakes (Swamp:4)
  A snapping turtle skeleton (Dis:7)
  2 wights (Tar:7)
  An orc priest (Orc:2)
  An orc (Orc:2)
66 creatures vanquished.

Vanquished Creatures (others)
  A shard shrike (Coc:1)
  A lich (Depths:2)
  2 eldritch tentacles
  A draconian stormcaller (Zot:1)
  2 elemental wellsprings (Coc:7)
  A bennu (Tomb:2)
  The ghost of haldagan the Protected, a journeyman TeMo of Cheibriados (IceCv)
  3 death scarabs (Tomb:2)
  A naga sharpshooter (Snake:4)
  A sun demon (Pan)
  A deep elf knight (Vaults:4)
  An anaconda zombie (Tomb:2)
  A torturous demonspawn (Pan)
  An infernal demonspawn (Pan)
  A spriggan druid (Swamp:4)
  A gelid demonspawn (Pan)
  A deep elf mage (Elf:1)
  A demonic crawler (Pan)
  An ice devil (Pan)
  A hellwing (Pan)
  2 red devils (Pan)
  A guardian mummy (Tomb:2)
  2 polar bears (IceCv)
  A flying skull (Tomb:3)
  A neqoxec (Pan)
  A chaos spawn (Pan)
  A naga (Snake:4)
  A hell hound (Dis:7)
  An ogre (Vaults:2)
  A killer bee (Abyss:3)
  5 mummies (Tomb:2)
  9 ball lightnings (Pan)
  10 bushes (Lair:6)
  18 fungi
  70 plants
  44 starspawn tentacles
  12 tentacles
  9 withered plants (Crypt:3)
213 creatures vanquished.

Grand Total: 6798 creatures vanquished

Notes
Turn   | Place    | Note
-------+----------+-------------------------------------------
     0 | D:1      | HagarQim the Deep Dwarf Fighter began the quest for the Orb.
     0 | D:1      | Reached XP level 1. HP: 20/20 MP: 1/1
   226 | D:1      | Reached XP level 2. HP: 17/27 MP: 2/2
   767 | D:2      | Reached XP level 3. HP: 17/34 MP: 3/3
   838 | D:3      | Noticed Robin
   848 | D:2      | Killed Robin
  1091 | D:2      | Reached XP level 4. HP: 21/42 MP: 4/4
  1108 | D:2      | Noticed Terence
  1121 | D:2      | Killed Terence
  1170 | D:2      | Reached skill level 1 in Slings
  1352 | D:3      | Noticed WobbleTop's ghost (amateur SpEn)
  1419 | D:3      | Noticed Natasha
  1428 | D:3      | Killed Natasha
  1428 | D:3      | Reached XP level 5. HP: 29/49 MP: 5/5
  1472 | D:3      | Killed WobbleTop's ghost
  1472 | D:3      | Reached XP level 6. HP: 26/56 MP: 6/6
  1492 | D:3      | Noticed Natasha
  1500 | D:3      | Killed Natasha
  1553 | D:3      | Found a sacrificial altar of Ru.
  1553 | D:3      | Found a sparkling altar of Nemelex Xobeh.
  1559 | D:3      | Found a faded altar of an unknown god.
  1561 | D:3      | Found a glowing golden altar of the Shining One.
  1578 | D:3      | Found a bloodstained altar of Trog.
  1700 | D:3      | Noticed Natasha
  1704 | D:3      | Killed Natasha
  1710 | D:3      | Found a runed door.
  1714 | D:3      | Noticed Crazy Yiuf
  1722 | D:3      | Killed Crazy Yiuf
  1981 | D:3      | Reached skill level 5 in Axes
  2341 | D:5      | Entered Level 5 of the Dungeon
  2909 | D:4      | Found a hazy altar of Hepliaklqana.
  3116 | D:5      | Reached XP level 7. HP: 41/63 MP: 6/6
  3122 | D:5      | Reached skill level 1 in Evocations
  3475 | D:5      | Found a shadowy altar of Dithmenos.
  3683 | D:6      | Found a stormy altar of Qazlal.
  3850 | D:6      | Reached skill level 5 in Armour
  3929 | D:6      | Reached skill level 5 in Shields
  3929 | D:6      | Reached XP level 8. HP: 36/72 MP: 8/8
  4017 | D:6      | Found a radiant altar of Vehumet.
  4151 | D:6      | Found an ancient bone altar of Kikubaaqudgha.
  4174 | D:6      | Found a staircase to the Ecumenical Temple.
  4200 | Temple   | Entered the Ecumenical Temple
  4239 | Temple   | Became a worshipper of Elyvilon the Healer
  4330 | D:6      | Noticed Eustachio
  4351 | D:6      | Killed Eustachio
  4570 | D:6      | Noticed Edmund
  4594 | D:6      | Reached skill level 1 in Invocations
  4603 | D:6      | Killed Edmund
  4901 | D:7      | Reached * piety under Elyvilon
  5068 | D:7      | Reached skill level 5 in Evocations
  5496 | D:8      | Noticed Joseph
  5511 | D:7      | Gained mutation: You passively map the area around you. [Deep Dwarf growth]
  5511 | D:7      | Reached XP level 9. HP: 39/79 MP: 7/7
  5537 | D:8      | Killed Joseph
  5537 | D:8      | Reached skill level 5 in Fighting
  5879 | D:8      | Reached skill level 5 in Slings
  5893 | D:8      | Reached skill level 5 in Invocations
  5947 | D:8      | Found a roughly hewn altar of Beogh.
  5985 | D:8      | Found a shimmering altar of Xom.
  5987 | D:8      | Noticed a two-headed ogre
  6013 | D:8      | Killed a two-headed ogre
  6013 | D:8      | Reached XP level 10. HP: 41/88 MP: 6/8
  6357 | D:8      | Found a glowing silver altar of Zin.
  6385 | D:9      | Reached ** piety under Elyvilon
  6420 | D:10     | Entered Level 10 of the Dungeon
  6431 | D:9      | Noticed a two-headed ogre
  6449 | D:9      | Killed a two-headed ogre
  6631 | D:9      | Noticed a two-headed ogre
  6642 | D:9      | Killed a two-headed ogre
  6936 | D:9      | Noticed dondy's ghost (journeyman DsAK)
  7005 | D:9      | Killed dondy's ghost
  7005 | D:9      | Reached skill level 10 in Axes
  7237 | D:11     | Found a flagged portal.
  7244 | D:11     | Noticed a gargoyle
  7258 | D:11     | Killed a gargoyle
  7258 | D:11     | Reached XP level 11. HP: 75/99 MP: 7/9
  7278 | Bailey   | Entered a bailey
  7439 | Bailey   | Noticed an orc knight
  7458 | Bailey   | Killed an orc knight
  7715 | D:11     | Noticed a purple ugly thing
  7735 | D:11     | Killed a purple ugly thing
  7953 | D:11     | Reached *** piety under Elyvilon
  7972 | D:10     | Upgraded the game from 0.20-a0-386-g2d247ea to 0.20-a0-396-gbf3f530
  8071 | D:10     | Killed an unseen horror
  8281 | D:10     | Noticed CDDA's ghost (novice MfGl)
  8322 | D:10     | Killed CDDA's ghost
  8369 | D:10     | Noticed a two-headed ogre
  8381 | D:10     | Killed a two-headed ogre
  8381 | D:10     | Reached skill level 1 in Stealth
  8700 | D:10     | Found a staircase to the Lair.
  9539 | D:11     | Paralysed by a hornet for 3 turns
  9895 | D:13     | Noticed a two-headed ogre
 10001 | D:12     | Noticed a two-headed ogre
 10003 | D:12     | Noticed Sonja
 10021 | D:12     | Killed Sonja
 10033 | D:12     | Killed a two-headed ogre
 10153 | D:12     | Noticed a deep elf mage
 10158 | D:12     | Killed a deep elf mage
 10158 | D:12     | Reached XP level 12. HP: 97/109 MP: 2/7
 10234 | D:13     | Noticed Rupert
 10235 | D:13     | Paralysed by Rupert for 4 turns
 10290 | D:12     | Noticed a four-headed hydra
 10320 | D:12     | Killed an eight-headed hydra
 10355 | D:12     | Noticed a two-headed ogre
 10364 | D:12     | Killed a two-headed ogre
 10471 | D:12     | Reached skill level 10 in Invocations
 10565 | D:12     | Gained mutation: You have sharp toenails. [potion of beneficial mutation]
 10786 | D:12     | Reached skill level 10 in Shields
 10936 | D:12     | Found a staircase to the Orcish Mines.
 11297 | Lair:1   | Entered Level 1 of the Lair of Beasts
 11297 | Lair:1   | Found a labyrinth entrance.
 11303 | Lab      | Entered a labyrinth
 11390 | Lab      | Reached **** piety under Elyvilon
 11470 | Lab      | Noticed a minotaur
 11473 | Lab      | a minotaur changed into something unseen
 11567 | Lab      | Killed a ghost moth
 11605 | Lab      | Got a pair of translucent gloves
 11616 | Lab      | Identified the +0 pair of gloves "Irigebb" {rPois} (You found it in a labyrinth)
 11650 | Lab      | Got a sheer robe
 11662 | Lab      | Identified the +2 robe of the Hills {*Corrode Str+7} (You found it in a labyrinth)
 12280 | Lair:2   | Reached ***** piety under Elyvilon
 12280 | Lair:2   | Noticed a six-headed hydra
 12327 | Lair:1   | Noticed a four-headed hydra
 12328 | Lair:1   | Noticed a six-headed hydra
 12367 | Lair:1   | Killed a four-headed hydra
 12415 | Lair:1   | Killed a six-headed hydra
 12540 | Lair:1   | Noticed a fire dragon
 12602 | Lair:1   | Noticed a four-headed hydra
 12611 | Lair:1   | Killed a four-headed hydra
 13026 | Lair:3   | Found a frozen archway.
 13084 | IceCv    | Entered an ice cave
 13247 | IceCv    | Killed haldagan's ghost
 13381 | IceCv    | Reached XP level 13. HP: 36/117 MP: 9/9
 14150 | IceCv    | Noticed a frost giant
 14173 | IceCv    | Killed a frost giant
 14291 | IceCv    | Got an ancient halberd
 14292 | IceCv    | Identified the +5 halberd of Dried Tears {vamp, rC+} (You found it in an ice cave)
 14672 | Lair:3   | Noticed Gastronok
 14706 | Lair:3   | Killed Gastronok
 15072 | Lair:3   | Found a staircase to the Snake Pit.
 16111 | Lair:2   | Reached skill level 1 in Maces & Flails
 16150 | Lair:2   | Found a staircase to the Swamp.
 17574 | Lair:4   | Gained mutation: You resist negative energy. (rN+) [Deep Dwarf growth]
 17574 | Lair:4   | Reached XP level 14. HP: 108/127 MP: 8/8
 18226 | Lair:5   | Got a silken robe
 18237 | Lair:5   | Identified the +2 robe of Pessimism {rC+} (You found it on level 5 of the Lair of Beasts)
 18599 | Lair:6   | Entered Level 6 of the Lair of Beasts
 18739 | Lair:5   | Reached skill level 10 in Armour
 18844 | Lair:5   | Found a viscous altar of Jiyva.
 18844 | Lair:5   | Found a staircase to the Slime Pits.
 18891 | Lair:5   | Reached ****** piety under Elyvilon
 21187 | Lair:6   | Found a large runed door.
 21187 | Lair:6   | Found a large runed door.
 21949 | Orc:1    | Entered Level 1 of the Orcish Mines
 21992 | Orc:2    | Entered Level 2 of the Orcish Mines
 22425 | Orc:1    | Reached XP level 15. HP: 135/135 MP: 10/10
 22708 | Orc:2    | Noticed Maurice
 22846 | Orc:2    | Killed Maurice
 22940 | Orc:2    | Found a roughly hewn altar of Beogh.
 23169 | Orc:2    | Found a roughly hewn altar of Beogh.
 23180 | Orc:2    | Found Huugij's Distillery.
 23239 | Orc:2    | Found a staircase to the Elven Halls.
 23303 | Orc:2    | Reached skill level 10 in Slings
 23303 | Orc:2    | Reached skill level 15 in Shields
 23364 | Orc:2    | Found a roughly hewn altar of Beogh.
 23489 | Orc:2    | Found a roughly hewn altar of Beogh.
 23496 | Orc:2    | Found Tiyzxatie's Weapon Boutique.
 23546 | Orc:2    | Found a roughly hewn altar of Beogh.
 23652 | Orc:2    | Noticed Saint Roka
 23698 | Orc:2    | Bought a +2 fustibalus of flaming for 429 gold pieces
 24335 | Orc:2    | Killed Saint Roka
 24338 | Orc:2    | Gained mutation: You are somewhat resistant to further mutation. [potion of mutation]
 24356 | Orc:2    | Found Wutuekhopol's Antique Weapon Boutique.
 24359 | Orc:2    | Found Ehushry's Antique Armour Shop.
 24360 | Orc:2    | Found a roughly hewn altar of Beogh.
 24382 | Orc:2    | Bought a glowing broad axe for 300 gold pieces
 24389 | Orc:2    | Bought a steaming plate armour for 924 gold pieces
 24399 | Orc:2    | Identified the cursed +0 plate armour of Classification {Regen+ Int+4} (You bought it in a shop on level 2 of the Orcish Mines)
 24989 | D:13     | Noticed Nessos
 25127 | D:13     | Killed Rupert
 25134 | D:13     | Killed Nessos
 25246 | D:13     | Noticed Azrael
 25256 | D:13     | Killed Azrael
 25528 | D:13     | Found an opulent altar of Gozag.
 25852 | D:14     | Found a gate to the Vaults.
 25984 | D:14     | Got a distressingly furry helmet
 25995 | D:14     | Identified the +2 helmet of the Arcane {rPois rC+++ Regen+ Int-3} (You found it on level 14 of the Dungeon)
 26383 | D:14     | Found a portal to a secret trove of treasure.
 26842 | D:14     | Gained mutation: You are resistant to hostile enchantments. (MR+) [mutagenic meat]
 26919 | D:15     | Entered Level 15 of the Dungeon
 27252 | D:15     | Reached XP level 16. HP: 113/144 MP: 12/12
 27641 | D:15     | Found a staircase to the Depths.
 28157 | Swamp:1  | Entered Level 1 of the Swamp
 29353 | Swamp:2  | Noticed a thorn hunter
 29371 | Swamp:2  | Killed a thorn hunter
 29716 | Swamp:2  | Upgraded the game from 0.20-a0-396-gbf3f530 to 0.20-a0-426-gc811625
 29785 | Swamp:2  | Reached skill level 15 in Axes
 30210 | Swamp:3  | Upgraded the game from 0.20-a0-426-gc811625 to 0.20-a0-427-g8b12978
 30334 | Swamp:3  | Noticed a thorn hunter
 30383 | Swamp:3  | Killed a thorn hunter
 30568 | Swamp:3  | Found an ancient bone altar of Kikubaaqudgha.
 30708 | Swamp:3  | Reached skill level 10 in Fighting
 31329 | Swamp:4  | Entered Level 4 of the Swamp
 31484 | Swamp:4  | Noticed Bai Suzhen
 31715 | Swamp:4  | Got a vibrating iron ring
 31717 | Swamp:4  | Identified the ring "Gaoghaa" {+Fly Int+3} (You found it on level 4 of the Swamp)
 31806 | Swamp:4  | Reached XP level 17. HP: 99/153 MP: 14/14
 31867 | Swamp:4  | Killed Bai Suzhen
 32265 | Swamp:4  | Reached skill level 15 in Invocations
 32359 | Swamp:4  | Noticed the 27-headed Lernaean hydra
 32367 | Swamp:4  | Killed the 27-headed Lernaean hydra
 32786 | Swamp:4  | Got a decaying rune of Zot
 32992 | Snake:1  | Entered Level 1 of the Snake Pit
 33440 | Snake:1  | Got a steaming jade amulet
 33442 | Snake:1  | Identified the amulet "Leriedu" {Faith rC+} (You found it on level 1 of the Snake Pit)
 33803 | Snake:1  | Noticed Agnes
 33828 | Snake:1  | Killed Agnes
 35186 | Snake:4  | Entered Level 4 of the Snake Pit
 35462 | Snake:3  | Gained mutation: You passively map a large area around you. [Deep Dwarf growth]
 35462 | Snake:3  | Reached XP level 18. HP: 148/163 MP: 9/14
 36198 | Snake:4  | Reached skill level 10 in Evocations
 36974 | Snake:4  | Found Jigok's Antique Weapon Shop.
 37956 | Snake:4  | Reached skill level 5 in Stealth
 38118 | Snake:4  | Reached XP level 19. HP: 121/172 MP: 16/16
 38185 | Snake:4  | Got a serpentine rune of Zot
 38547 | Elf:1    | Entered Level 1 of the Elven Halls
 38742 | Elf:1    | Noticed Aizul
 38784 | Elf:1    | Killed Aizul
 38857 | Elf:1    | Noticed Asterion
 38879 | Elf:1    | Killed Asterion
 39221 | Elf:1    | Found a deep blue altar of Sif Muna.
 40344 | Elf:2    | Found a runed gate.
 40344 | Elf:2    | Found a runed gate.
 40349 | Elf:2    | Found a runed gate.
 41046 | Elf:3    | Entered Level 3 of the Elven Halls
 41139 | Elf:3    | Got a jewelled halberd
 41140 | Elf:3    | Identified the +10 halberd of Bankruptcy {freeze, rElec rN+ Int+3} (You found it on level 3 of the Elven Halls)
 41194 | Elf:3    | Found Ineerujo's Weapon Boutique.
 41324 | Elf:3    | Found Loamung's Jewellery Emporium.
 41324 | Elf:3    | Found Tiyfu's Gadget Shop.
 41325 | Elf:3    | Found Tuenurie's Jewellery Emporium.
 41559 | Elf:3    | Reached XP level 20. HP: 97/247 MP: 26/29
 41719 | Elf:3    | Got a scorched great sword {slice}
 41744 | Elf:3    | Identified the +4 great sword of Saltpetre {slice, *Drain rElec Dex+8} (You took it off a deep elf high priest on level 3 of the Elven Halls)
 41828 | Elf:3    | Got a clouded glass ring
 41830 | Elf:3    | Identified the ring "Rausinoj" {rElec MR+ Slay+5} (You took it off a deep elf elementalist on level 3 of the Elven Halls)
 41924 | Elf:3    | Identified the Volume of Conjuration and Ignition
 42015 | Elf:3    | Got a slimy great sword {flame}
 42016 | Elf:3    | Identified the cursed +1 great sword of Integrity {flame, Dex+4} (You took it off a deep elf death mage on level 3 of the Elven Halls)
 42077 | Elf:3    | Identified the Almanac of Shifting Venom
 42093 | Elf:3    | Identified the Handbook of the Glacier and Curses
 42283 | Elf:3    | Identified a scroll of acquirement
 42284 | Elf:3    | Got a scorched war axe
 42285 | Elf:3    | Identified the +3 war axe of Cowardice {chop, rN+ Int+3 Dex+2} (You acquired it on level 3 of the Elven Halls)
 42999 | Vaults:1 | Entered Level 1 of the Vaults
 43046 | Vaults:1 | Reached skill level 15 in Armour
 43574 | Vaults:1 | Found Siediec's Weapon Emporium.
 43575 | Vaults:1 | Found Gutt's Weapon Boutique.
 44116 | Vaults:1 | Found Rof Ock's Gadget Emporium.
 44149 | Vaults:1 | Found Vyloehau's Antique Weapon Emporium.
 44325 | Vaults:1 | Reached XP level 21. HP: 159/194 MP: 16/16
 45792 | Vaults:2 | Noticed Mara
 45813 | Vaults:2 | Noticed HagarQim's illusion
 45813 | Vaults:2 | Killed Mara
 46698 | Vaults:3 | Found a staircase to the Crypt.
 47699 | Vaults:4 | Reached XP level 22. HP: 176/206 MP: 16/18
 48535 | Depths:1 | Entered Level 1 of the Depths
 48587 | Depths:1 | Found a gateway to Hell.
 48654 | Depths:1 | Found Ivvoerghai's Food Emporium.
 48680 | Depths:1 | Found Ostretep's Jewellery Shop.
 48719 | Depths:1 | Found a magical portal.
 48728 | WizLab   | Entered Lehudib's Moon Base
 49176 | WizLab   | Identified the Tome of Flying Beguiling
 49300 | WizLab   | Reached skill level 15 in Fighting
 49542 | WizLab   | Identified Lehudib's Handbook of the Harmful Mountains
 50084 | Depths:1 | Found a glowing silver altar of Zin.
 50084 | Depths:1 | Found a white marble altar of Elyvilon.
 50085 | Depths:1 | Found a glowing golden altar of the Shining One.
 50329 | Depths:1 | Reached XP level 23. HP: 175/217 MP: 18/18
 50782 | Depths:1 | Upgraded the game from 0.20-a0-427-g8b12978 to 0.20-a0-432-g25cc1b4
 50831 | Depths:2 | Found a one-way gate to the infinite horrors of the Abyss.
 52219 | Depths:2 | Reached skill level 10 in Stealth
 52782 | Depths:3 | Noticed Frederick
 52794 | Depths:3 | Killed Frederick
 53275 | Depths:3 | Found a gateway to a ziggurat.
 53455 | Depths:3 | Identified the +7 glaive "Roacutuoso" {flame, Dex+4} (You found it on level 3 of the Depths)
 53523 | Depths:3 | Got a translucent scale mail
 53534 | Depths:3 | Identified the +1 scale mail of an ice cave {Dex+2 Slay+2} (You found it on level 3 of the Depths)
 53760 | Depths:3 | Found a one-way gate leading to the halls of Pandemonium.
 54034 | Depths:4 | Noticed Boris
 54053 | Depths:4 | Killed Boris
 54064 | Depths:4 | Noticed Margery
 54080 | Depths:4 | Killed Margery
 54080 | Depths:4 | Reached XP level 24. HP: 161/320 MP: 34/34
 54847 | Depths:4 | Noticed a juggernaut
 54866 | Depths:4 | Killed a juggernaut
 54890 | Depths:4 | Paralysed by a floating eye for 3 turns
 54902 | Depths:4 | Paralysed by a floating eye for 2 turns
 54909 | Depths:4 | Paralysed by a floating eye for 4 turns
 54919 | Depths:4 | Paralysed by a floating eye for 3 turns
 54926 | Depths:4 | Paralysed by a floating eye for 4 turns
 54947 | Depths:4 | Found a runed door.
 54963 | Depths:4 | Found a runed door.
 54973 | Depths:4 | Found a runed door.
 54987 | Depths:4 | Found a runed door.
 55126 | Depths:5 | Entered Level 5 of the Depths
 55393 | Depths:5 | Identified the +6 spear of the Illusory Realms {distort, rF+} (You found it on level 5 of the Depths)
 56150 | Depths:5 | Found a gate to the Realm of Zot.
 57010 | Crypt:1  | Entered Level 1 of the Crypt
 57356 | Elf:3    | Bought an uncursed ring of positive energy for 340 gold pieces
 59517 | Crypt:3  | Entered Level 3 of the Crypt
 59782 | Crypt:3  | Reached XP level 25. HP: 221/238 MP: 19/19
 60094 | Crypt:3  | Got a twitching marble ring
 60096 | Crypt:3  | Identified the cursed ring of Salvation {rPois rF+ Str-2} (You found it on level 3 of the Crypt)
 60328 | Crypt:3  | Got a translucent cloak
 60339 | Crypt:3  | Identified the -1 cloak of Wrong Decisions {rElec rF+ rC++ SInv} (You acquired it on level 3 of the Crypt)
 60512 | Crypt:3  | Found a staircase to the Tomb.
 61033 | D:14     | You paid a toll of 14 scrolls of teleportation to enter a treasure trove
 61034 | Trove    | Entered a treasure trove
 61039 | Trove    | Got a scorched wooden ring
 61045 | Trove    | Got a coiled silver ring
 61049 | Trove    | Got a faintly glowing golden ring
 61053 | Trove    | Got an ancient graven amulet
 61055 | Trove    | Got a smoking bone ring
 61060 | Trove    | Got a bound platinum amulet
 61062 | Trove    | Got a twitching platinum amulet
 61065 | Trove    | Got a sparkling copper ring
 61069 | Trove    | Identified the ring of Agnosticism {Dex+2 SInv} (You found it in a treasure trove)
 61087 | Trove    | Identified the ring of Checkmate {Dex-3 Slay+3 SInv Stlth+} (You found it in a treasure trove)
 61102 | Trove    | Identified the ring "Sejukka" {rF+ MR+ Dex+2 Stlth-} (You found it in a treasure trove)
 61113 | Trove    | Identified the amulet "Yxucwes" {RegenMP rF+ rN+ Int-5} (You found it in a treasure trove)
 61114 | Trove    | Identified the amulet "Xyarr" {Faith rElec rPois Str+4 Dex-5} (You found it in a treasure trove)
 61115 | Trove    | Identified the amulet of Piraliud {Faith MP+9 Int+3} (You found it in a treasure trove)
 61120 | Trove    | Identified the ring of Gufot {rC+ EV+4} (You found it in a treasure trove)
 61122 | Trove    | Identified the ring of Litwo {Dex+2 Stlth+} (You found it in a treasure trove)
 61569 | Crypt:3  | Found a basalt altar of Yredelemnul.
 61797 | Crypt:3  | Identified the Catalogue of Shifting Stones
 62511 | Vaults:5 | Entered Level 5 of the Vaults
 62862 | Vaults:5 | Reached skill level 15 in Evocations
 63027 | Vaults:5 | Reached XP level 26. HP: 227/249 MP: 16/16
 63205 | Vaults:5 | Noticed an ancient lich
 63211 | Vaults:5 | Got a sparkling copper ring
 63235 | Vaults:5 | Killed an ancient lich
 63279 | Vaults:5 | Got a steaming great sword {speed}
 63280 | Vaults:5 | Identified the +5 great sword of the Original Sin {speed, Int+2} (You took it off a deep elf death mage on level 5 of the Vaults)
 63282 | Vaults:5 | Identified the ring "Gam Ataimo" {Wiz rElec Str-3 Int+5 Stlth-} (You took it off a deep elf death mage on level 5 of the Vaults)
 63405 | Vaults:5 | Got a wavering ruby amulet
 63863 | Vaults:5 | Noticed an ancient lich
 63884 | Vaults:5 | Killed an ancient lich
 63981 | Vaults:5 | Found Igremm's General Store.
 64129 | Vaults:5 | Identified the amulet of Keozer {rPois Regen+ Int+4 Stlth+} (You took it off a vault warden on level 5 of the Vaults)
 64202 | Vaults:5 | Got a translucent great sword {slice}
 64204 | Vaults:5 | Identified the +3 great sword "Xiodain" {slice, +Fly rC+} (You took it off a vault sentinel on level 5 of the Vaults)
 64548 | Vaults:5 | Got a silver rune of Zot
 64631 | Vaults:5 | Bought a potion of heal wounds for 85 gold pieces
 64631 | Vaults:5 | Bought a scroll of enchant weapon for 127 gold pieces
 65113 | Depths:2 | Voluntarily entered the Abyss.
 65405 | Abyss:1  | Lost intelligence.
 65408 | Depths:2 | Escaped the Abyss
 66370 | Depths:2 | Voluntarily entered the Abyss.
 66946 | Abyss:3  | Got an abyssal rune of Zot
 67004 | Depths:2 | Escaped the Abyss
 67299 | Slime:1  | Entered Level 1 of the Pits of Slime
 67577 | Slime:1  | Found a viscous altar of Jiyva.
 67816 | Slime:2  | Reached XP level 27. HP: 218/260 MP: 3/16
 69289 | Slime:4  | Paralysed by a floating eye for 4 turns
 69291 | Slime:4  | Gained mutation: Your body sometimes deteriorates upon taking damage. [a shining eye]
 69570 | Slime:5  | Entered Level 5 of the Pits of Slime
 70076 | Slime:5  | Noticed the Royal Jelly
 70100 | Slime:5  | Killed the Royal Jelly
 70189 | Slime:5  | Got a twisted large shield
 70196 | Slime:5  | Identified the Catalogue of Captivating Intoxication
 70285 | Slime:5  | Got a slimy rune of Zot
 70418 | Lair:5   | Identified the +7 large shield "Wojyruec" {*Slow MR+ Slay+3} (You found it on level 5 of the Pits of Slime)
 70786 | Zot:1    | Entered Level 1 of the Realm of Zot
 72493 | Zot:2    | Noticed an orb of fire
 72493 | Zot:2    | Gained mutation: You expend magic power (3 MP) to strengthen your wands. [an orb of fire]
 72520 | Zot:2    | Killed an orb of fire
 75195 | Zot:4    | Noticed an orb of fire
 75203 | Zot:4    | Gained mutation: Your body often deteriorates upon taking damage. [an orb of fire]
 75209 | Zot:4    | Killed an orb of fire
 75578 | Zot:5    | Entered Level 5 of the Realm of Zot
 76131 | Zot:5    | Noticed an ancient lich
 76167 | Zot:5    | Noticed an ancient lich
 76169 | Zot:5    | Noticed an orb of fire
 76181 | Zot:5    | Killed an ancient lich
 76193 | Zot:5    | Killed an orb of fire
 76215 | Zot:5    | Noticed an orb of fire
 76218 | Zot:5    | Noticed an orb of fire
 76234 | Zot:5    | Gained mutation: You are dopey. (Int -2) [an orb of fire]
 76240 | Zot:5    | Gained mutation: Scrolls take you a little longer to read. [an orb of fire]
 76241 | Zot:5    | Gained mutation: You are clumsy. (Dex -2) [an orb of fire]
 76241 | Zot:5    | Gained mutation: You tend to lose your temper in combat. [an orb of fire]
 76242 | Zot:5    | Gained mutation: You are weak. (Str -2) [an orb of fire]
 76243 | Zot:5    | Gained mutation: Your movements are slightly less encumbered by armour. (ER -2) [an orb of fire]
 76244 | Zot:5    | Killed an orb of fire
 76245 | Zot:5    | Gained mutation: Scrolls take you longer to read. [an orb of fire]
 76251 | Zot:5    | Killed an orb of fire
 76252 | Zot:5    | Reached skill level 15 in Stealth
 76255 | Zot:5    | Noticed an ancient lich
 76269 | Zot:5    | Killed an ancient lich
 76520 | Zot:5    | Noticed an ancient lich
 76557 | Zot:5    | Killed an ancient lich
 76799 | Zot:5    | Killed an ancient lich
 76988 | Depths:4 | Lost mutation: You are weak. (Str -2) [potion of cure mutation]
 76988 | Depths:4 | Lost mutation: You are somewhat resistant to further mutation. [potion of cure mutation]
 76988 | Depths:4 | Lost mutation: You tend to lose your temper in combat. [potion of cure mutation]
 76988 | Depths:4 | Lost mutation: You are dopey. (Int -2) [potion of cure mutation]
 76988 | Depths:4 | Lost mutation: You are clumsy. (Dex -2) [potion of cure mutation]
 76989 | Depths:4 | Lost mutation: Your body often deteriorates upon taking damage. [potion of cure mutation]
 76989 | Depths:4 | Lost mutation: You expend magic power (3 MP) to strengthen your wands. [potion of cure mutation]
 76989 | Depths:4 | Lost mutation: Scrolls take you longer to read. [potion of cure mutation]
 76989 | Depths:4 | Lost mutation: Your body sometimes deteriorates upon taking damage. [potion of cure mutation]
 77086 | Pan      | Entered Pandemonium
 77812 | Pan      | Found an exit through the horrors of the Abyss.
 77996 | Pan      | Found a huge runed gate.
 78151 | Pan      | Noticed Kouk the pandemonium lord
 78203 | Pan      | Upgraded the game from 0.20-a0-432-g25cc1b4 to 0.20-a0-433-g9e36e56
 78271 | Pan      | Killed Kouk the pandemonium lord
 78278 | Pan      | Reached skill level 27 in Invocations
 78496 | Pan      | Found an exit through the horrors of the Abyss.
 78851 | Pan      | Gained mutation: Scrolls take you longer to read. [a cacodemon]
 78868 | Pan      | Gained mutation: Your body sometimes deteriorates upon taking damage. [a cacodemon]
 78991 | Pan      | Reached skill level 27 in Shields
 79106 | Pan      | Noticed Budang the pandemonium lord
 79119 | Pan      | Gained mutation: You expend magic power (3 MP) to strengthen your wands. [a cacodemon]
 79152 | Pan      | Killed Budang the pandemonium lord
 79779 | Pan      | Noticed Sysyngeo the pandemonium lord
 79793 | Pan      | Killed Sysyngeo the pandemonium lord
 79958 | Pan      | Found an exit through the horrors of the Abyss.
 80280 | Pan      | Gained mutation: Scrolls take you much longer to read. [a neqoxec]
 80433 | Pan      | Gained mutation: You are frail. (-10% HP) [a cacodemon]
 80437 | Pan      | Gained mutation: Armour fits poorly on your strangely shaped body. [a cacodemon]
 80583 | Pan      | Found an exit through the horrors of the Abyss.
 80595 | Pan      | Gained mutation: You are clumsy. (Dex -2) [a neqoxec]
 80872 | Pan      | Noticed Gienles the pandemonium lord
 80888 | Pan      | Killed Gienles the pandemonium lord
 81697 | Pan      | Took an exit into the Abyss.
 81697 | Abyss:1  | Escaped into the Abyss
 81706 | Abyss:1  | Found a blossoming altar of Fedhas.
 81914 | Abyss:1  | Got a slimy scale mail
 81918 | Abyss:1  | Identified the +6 scale mail "Ivipay" {rElec rPois Dex+2 Slay+3} (You found it on level 1 of the Abyss)
 81980 | Abyss:1  | Found an iron altar of Okawaru.
 81986 | Depths:3 | Escaped the Abyss
 82064 | Depths:3 | Lost mutation: Your body often deteriorates upon taking damage. [potion of cure mutation]
 82064 | Depths:3 | Lost mutation: You are resistant to hostile enchantments. (MR+) [potion of cure mutation]
 82064 | Depths:3 | Lost mutation: Your movements are slightly less encumbered by armour. (ER -2) [potion of cure mutation]
 82064 | Depths:3 | Lost mutation: Armour fits poorly on your strangely shaped body. [potion of cure mutation]
 82064 | Depths:3 | Lost mutation: Scrolls take you much longer to read. [potion of cure mutation]
 82159 | Depths:1 | Lost mutation: You are clumsy. (Dex -2) [potion of cure mutation]
 82159 | Depths:1 | Lost mutation: You expend magic power (3 MP) to strengthen your wands. [potion of cure mutation]
 82159 | Depths:1 | Lost mutation: Scrolls take you longer to read. [potion of cure mutation]
 82437 | Vaults:5 | Gained mutation: You are partially covered in large bone plates. (SH +4) [potion of mutation]
 82437 | Vaults:5 | Gained mutation: You are covered in fur. (AC +1) [potion of mutation]
 82437 | Vaults:5 | Gained mutation: Your spells are a little harder to cast, but a little more powerful. [potion of mutation]
 82695 | Depths:2 | Voluntarily entered the Abyss.
 82978 | Abyss:1  | Found a corrupted altar of Lugonu.
 82996 | Abyss:1  | Found a corrupted altar of Lugonu.
 83001 | Abyss:1  | Found a corrupted altar of Lugonu.
 83379 | Abyss:1  | Noticed an ancient lich
 83386 | Abyss:1  | Killed an ancient lich
 83821 | Abyss:1  | Gained mutation: Your flesh is heat resistant. (rF+) [potion of beneficial mutation]
 84023 | Depths:2 | Escaped the Abyss
 84121 | Depths:1 | Fell from the grace of Elyvilon
 84121 | Depths:1 | Became a worshipper of the Shining One
 84121 | Depths:1 | Reached * piety under the Shining One
 84121 | Depths:1 | Reached ** piety under the Shining One
 84121 | Depths:1 | Reached *** piety under the Shining One
 84218 | Pan      | Entered Pandemonium
 84218 | Pan      | Found an exit through the horrors of the Abyss.
 84247 | Pan      | Got a bound iron ring
 84249 | Pan      | Identified the ring "Veudoib" {MR+ Str+3} (You found it in Pandemonium)
 84681 | Pan      | Identified the cursed +1 plate armour "Qaijur" {rPois Str+4} (You found it in Pandemonium)
 84737 | Pan      | Noticed newbie's ghost (legendary MiBe)
 84771 | Pan      | Killed newbie's ghost
 84814 | Pan      | Reached **** piety under the Shining One
 84974 | Pan      | Noticed Weufobuz the pandemonium lord
 84991 | Pan      | Killed Weufobuz the pandemonium lord
 85019 | Pan      | Found an exit through the horrors of the Abyss.
 85118 | Pan      | Reached ***** piety under the Shining One
 85145 | Pan      | Noticed Ittol the pandemonium lord
 85152 | Pan      | Killed Ittol the pandemonium lord
 85998 | Pan      | Reached ****** piety under the Shining One
 86040 | Pan      | Gained mutation: Your magical capacity is low. (-10% MP) [a neqoxec]
 86154 | Pan      | Identified a +9 broad axe of holy wrath (a +8 broad axe of chopping blessed by the Shining One)
 86154 | Pan      | Received a gift from the Shining One
 86297 | Pan      | Reached skill level 15 in Slings
 86301 | Pan      | Noticed Noatigga the pandemonium lord
 86339 | Pan      | Killed Noatigga the pandemonium lord
 86356 | Pan      | Gained mutation: Your magical capacity is very low. (-20% MP) [a cacodemon]
 86360 | Pan      | Gained mutation: You expend magic power (3 MP) to strengthen your wands. [a cacodemon]
 86552 | Pan      | Lost mutation: Your spells are a little harder to cast, but a little more powerful. [a neqoxec]
 86553 | Pan      | Gained mutation: Your body sometimes deteriorates upon taking damage. [a neqoxec]
 86582 | Pan      | Found an exit through the horrors of the Abyss.
 87528 | Pan      | Found an exit through the horrors of the Abyss.
 88105 | Pan      | Noticed Cauhoo the pandemonium lord
 88109 | Pan      | Killed Cauhoo the pandemonium lord
 88246 | Pan      | Found an exit through the horrors of the Abyss.
 88397 | Pan      | Noticed Dywnonom the pandemonium lord
 88412 | Pan      | Killed Dywnonom the pandemonium lord
 88534 | Pan      | Reached skill level 1 in Spellcasting
 88958 | Pan      | Noticed Loaq the pandemonium lord
 88976 | Pan      | Killed Loaq the pandemonium lord
 89169 | Pan      | Identified the +1 plate armour "Ceedgha Duane" {+Blink Regen+ Str-4} (You found it in Pandemonium)
 89178 | Pan      | Reached skill level 27 in Axes
 89558 | Pan      | Found an exit through the horrors of the Abyss.
 90352 | Pan      | Found an exit through the horrors of the Abyss.
 90417 | Pan      | Gained mutation: Scrolls take you longer to read. [a neqoxec]
 90634 | Pan      | Noticed Zoecoos the pandemonium lord
 90645 | Pan      | Killed Zoecoos the pandemonium lord
 90697 | Pan      | Got a demonic rune of Zot
 91188 | Pan      | Gained mutation: You are dopey. (Int -2) [a cacodemon]
 91196 | Pan      | Gained mutation: You are clumsy. (Dex -2) [a cacodemon]
 91261 | Pan      | Found an exit through the horrors of the Abyss.
 91645 | Pan      | Identified the +0 leather armour of the Devil's Team {*Corrode rElec MP+9 Str+8} (You found it in Pandemonium)
 91651 | Pan      | Noticed Ryezity the pandemonium lord
 91663 | Pan      | Killed Ryezity the pandemonium lord
 91666 | Pan      | Reached skill level 5 in Spellcasting
 91982 | Pan      | Noticed Qejex the pandemonium lord
 91999 | Pan      | Killed Qejex the pandemonium lord
 92515 | Pan      | Found an exit through the horrors of the Abyss.
 92886 | Pan      | Found an exit through the horrors of the Abyss.
 93387 | Pan      | Noticed Xeycs the pandemonium lord
 93399 | Pan      | Killed Xeycs the pandemonium lord
 93870 | Pan      | Lost mutation: You are clumsy. (Dex -2) [potion of mutation]
 93870 | Pan      | Lost mutation: You are dopey. (Int -2) [potion of mutation]
 93897 | Pan      | Found an exit through the horrors of the Abyss.
 94105 | Pan      | Noticed Myexzid the pandemonium lord
 94119 | Pan      | Killed Myexzid the pandemonium lord
 94474 | Pan      | Got a pair of smoking boots
 94485 | Pan      | Identified the +2 pair of boots of the Game Afoot {+Fly SInv} (You found it in Pandemonium)
 94706 | Pan      | Found a runed door.
 94731 | Pan      | Found a runed door.
 94805 | Pan      | Found a runed door.
 94831 | Pan      | Found a runed door.
 94836 | Pan      | Noticed Esumoor the pandemonium lord
 94845 | Pan      | Killed Esumoor the pandemonium lord
 94858 | Pan      | Got a bone trident
 94862 | Pan      | Identified the +5 trident "Biolufekof" {elec, rF- rC+ MR+++ Str-3} (You found it in Pandemonium)
 95063 | Pan      | Found an exit through the horrors of the Abyss.
 95161 | Pan      | Gained mutation: You are clumsy. (Dex -2) [potion of mutation]
 95161 | Pan      | Lost mutation: Your body sometimes deteriorates upon taking damage. [potion of mutation]
 95636 | Pan      | Found an exit through the horrors of the Abyss.
 95983 | Pan      | Noticed Etuvisig the pandemonium lord
 95999 | Pan      | Killed Etuvisig the pandemonium lord
 96766 | Pan      | Gained mutation: You are weak. (Str -2) [a neqoxec]
 96767 | Pan      | Noticed Ceismas the pandemonium lord
 96782 | Pan      | Killed Ceismas the pandemonium lord
 97119 | Pan      | Found an exit through the horrors of the Abyss.
 97484 | Pan      | Found an exit through the horrors of the Abyss.
 97905 | Pan      | Noticed Oress the pandemonium lord
 97921 | Pan      | Killed Oress the pandemonium lord
 98245 | Pan      | Gained mutation: You are covered in thick fur. (AC +2) [potion of mutation]
 98255 | Pan      | Lost mutation: Scrolls take you longer to read. [potion of cure mutation]
 98255 | Pan      | Lost mutation: You expend magic power (3 MP) to strengthen your wands. [potion of cure mutation]
 98320 | Pan      | Found an exit through the horrors of the Abyss.
 99310 | Pan      | Noticed Xocana the pandemonium lord
 99321 | Pan      | Killed Xocana the pandemonium lord
 99378 | Pan      | Entered the realm of Mnoleg.
 99416 | Pan      | Gained mutation: Your magical capacity is extremely low. (-30% MP) [a cacodemon]
 99420 | Pan      | Gained mutation: Armour fits poorly on your strangely shaped body. [a cacodemon]
 99421 | Pan      | Lost mutation: You are frail. (-10% HP) [a neqoxec]
 99440 | Pan      | Gained mutation: Your spells are a little easier to cast, but a little less powerful. [a cacodemon]
 99844 | Pan      | Found an exit through the horrors of the Abyss.
 99844 | Pan      | Gained mutation: You are frail. (-10% HP) [a neqoxec]
 99960 | Pan      | Noticed Mnoleg
 99981 | Pan      | Killed Mnoleg
100045 | Pan      | Gained mutation: Scrolls take you longer to read. [a cacodemon]
100119 | Pan      | Gained mutation: You are very frail. (-20% HP) [a neqoxec]
100123 | Pan      | Gained mutation: You are occasionally teleported next to monsters. [a neqoxec]
100267 | Pan      | Lost mutation: You are clumsy. (Dex -2) [potion of cure mutation]
100267 | Pan      | Lost mutation: You are very frail. (-20% HP) [potion of cure mutation]
100267 | Pan      | Lost mutation: Your magical capacity is extremely low. (-30% MP) [potion of cure mutation]
100267 | Pan      | Lost mutation: Scrolls take you longer to read. [potion of cure mutation]
100510 | Pan      | Gained mutation: Your spells are easier to cast, but less powerful. [a cacodemon]
100618 | Pan      | Got a glowing rune of Zot
100696 | Pan      | Gained mutation: You expend magic power (3 MP) to strengthen your wands. [a cacodemon]
100717 | Pan      | Found a burning altar of Makhleb.
100820 | Pan      | Found an exit through the horrors of the Abyss.
101044 | Pan      | Noticed Godeusua the pandemonium lord
101066 | Pan      | Killed Godeusua the pandemonium lord
101128 | Pan      | Reached skill level 10 in Spellcasting
101443 | Pan      | Found an exit through the horrors of the Abyss.
101863 | Pan      | Gained mutation: Scrolls take you longer to read. [a neqoxec]
101864 | Pan      | Gained mutation: You are clumsy. (Dex -2) [a neqoxec]
102149 | Pan      | Noticed Nosomp the pandemonium lord
102163 | Pan      | Killed Nosomp the pandemonium lord
102777 | Pan      | Entered the realm of Gloorx Vloq.
102916 | Pan      | Found an exit through the horrors of the Abyss.
103657 | Pan      | Noticed Gloorx Vloq
103674 | Pan      | Killed Gloorx Vloq
103687 | Pan      | Got a dark rune of Zot
103896 | Pan      | Noticed Atacejab the pandemonium lord
103922 | Pan      | Lost mutation: You are clumsy. (Dex -2) [a neqoxec]
103923 | Pan      | Killed Atacejab the pandemonium lord
104029 | Pan      | Found an exit through the horrors of the Abyss.
104321 | Pan      | Gained mutation: You are clumsy. (Dex -2) [a neqoxec]
104324 | Pan      | Gained mutation: Scrolls take you much longer to read. [a neqoxec]
104681 | Pan      | Entered the realm of Lom Lobon.
104714 | Pan      | Found an exit through the horrors of the Abyss.
105061 | Pan      | Reached skill level 27 in Fighting
105334 | Pan      | Noticed Lom Lobon
105407 | Pan      | Killed Lom Lobon
105780 | Pan      | Got a magical rune of Zot
106065 | Pan      | Found an exit through the horrors of the Abyss.
106068 | Pan      | Gained mutation: You are very frail. (-20% HP) [a cacodemon]
106562 | Pan      | Identified the +5 mace of Anguish {antimagic, Int+3 SInv} (You found it in Pandemonium)
106580 | Pan      | Noticed Fug Zaphov the pandemonium lord
106583 | Pan      | Cast into level 4 of the Abyss (Fug Zaphov)
107065 | Pan      | Escaped the Abyss
107099 | Pan      | Killed Fug Zaphov the pandemonium lord
107377 | Pan      | Entered the realm of Cerebov.
107628 | Pan      | Got a slimy wooden ring
107630 | Pan      | Got a clouded ivory ring
107633 | Pan      | Identified the ring "Aveur" {Fire rN+ Int+4 Dex-2 Slay+5} (You took it off a balrug in Pandemonium)
107635 | Pan      | Identified the ring of the Briny Deep {Fire Str+3} (You took it off a balrug in Pandemonium)
107655 | Pan      | Found an exit through the horrors of the Abyss.
107719 | Pan      | Identified the -1 buckler of Uclywomp {Regen+ Str+2 Stlth+} (You found it in Pandemonium)
107891 | Pan      | Noticed Cerebov
107932 | Pan      | Killed Cerebov
107932 | Pan      | Reached skill level 27 in Armour
108053 | Pan      | Identified the +6 rapier "Muzaghut" {speed, rF+ MR+ Int+5} (You found it in Pandemonium)
108057 | Pan      | Identified the +2 great mace of Tension {crush, *Drain rElec rC++ Int+2} (You found it in Pandemonium)
108059 | Pan      | Got a glittering brass ring
108061 | Pan      | Identified the ring "Ryuruv" {rPois rC+ Int+2} (You found it in Pandemonium)
108113 | Pan      | Got a fiery rune of Zot
108413 | Depths:3 | Escaped Pandemonium
108566 | D:15     | Lost mutation: Armour fits poorly on your strangely shaped body. [potion of cure mutation]
108566 | D:15     | Lost mutation: Your flesh is heat resistant. (rF+) [potion of cure mutation]
108566 | D:15     | Lost mutation: Scrolls take you much longer to read. [potion of cure mutation]
108566 | D:15     | Lost mutation: You are weak. (Str -2) [potion of cure mutation]
108566 | D:15     | Lost mutation: Your spells are easier to cast, but less powerful. [potion of cure mutation]
108742 | Vaults:3 | Lost mutation: You are very frail. (-20% HP) [potion of cure mutation]
108742 | Vaults:3 | Lost mutation: Your spells are a little easier to cast, but a little less powerful. [potion of cure mutation]
108742 | Vaults:3 | Lost mutation: You have sharp toenails. [potion of cure mutation]
108742 | Vaults:3 | Lost mutation: You expend magic power (3 MP) to strengthen your wands. [potion of cure mutation]
108990 | Lair:2   | Lost mutation: Your magical capacity is very low. (-20% MP) [potion of cure mutation]
108990 | Lair:2   | Lost mutation: Scrolls take you longer to read. [potion of cure mutation]
108990 | Lair:2   | Lost mutation: Scrolls take you a little longer to read. [potion of cure mutation]
109725 | Hell     | Entered the Vestibule of Hell
109725 | Hell     | Noticed Geryon
109738 | Hell     | Killed Geryon
109757 | Hell     | Noticed Murray
109774 | Hell     | Killed Murray
109930 | Hell     | Found a gateway to the decaying netherworld of Tartarus.
109992 | Hell     | Found a gateway to the ashen valley of Gehenna.
110047 | Hell     | Found a gateway to the Iron City of Dis.
110092 | Hell     | Found a gateway to the freezing wastes of Cocytus.
110300 | Tar:1    | Entered Level 1 of Tartarus
110964 | Tar:7    | Entered Level 7 of Tartarus
111751 | Tar:7    | Noticed Ereshkigal
111803 | Tar:7    | Killed Ereshkigal
112052 | Tar:7    | Got a dazzling short sword
112054 | Tar:7    | Identified the +6 short sword of Disintegration {drain, +Rage rF- Int+2} (You found it on level 7 of Tartarus)
112059 | Tar:7    | Identified the +10 rapier "Doylu" {pierce, Fragile Str+4} (You found it on level 7 of Tartarus)
112512 | Tar:7    | Got a bone rune of Zot
112517 | Tar:7    | Identified the +9 fustibalus of Courage {flame, +Fly Dex+5 Stlth-} (You found it on level 7 of Tartarus)
112523 | Tar:7    | Identified the +1 dire flail of the Eight Friends {freeze, *Slow rC- rN+++ Int+8} (You found it on level 7 of Tartarus)
112707 | Tar:7    | Reached skill level 27 in Slings
112775 | Coc:1    | Entered Level 1 of Cocytus
113055 | Coc:7    | Entered Level 7 of Cocytus
113118 | Coc:7    | Reached skill level 1 in Long Blades
113137 | Coc:7    | Reached skill level 5 in Long Blades
113167 | Coc:7    | Reached skill level 1 in Unarmed Combat
113305 | Coc:7    | Noticed Antaeus
113310 | Coc:7    | Reached skill level 10 in Long Blades
113342 | Coc:7    | Killed Antaeus
113342 | Coc:7    | Reached skill level 1 in Short Blades
113347 | Coc:7    | Got an icy rune of Zot
113727 | Dis:1    | Entered Level 1 of the Iron City of Dis
114624 | Dis:5    | Gained mutation: You expend magic power (3 MP) to strengthen your wands. [mutagenic glow]
114666 | Dis:7    | Entered Level 7 of the Iron City of Dis
114672 | Dis:7    | Gained mutation: You are weak. (Str -2) [mutagenic glow]
115036 | Dis:7    | Gained mutation: You occasionally shout uncontrollably at your foes. [a cacodemon]
115683 | Dis:7    | Lost mutation: You are frail. (-10% HP) [mutagenic glow]
115720 | Dis:7    | Gained mutation: You are frail. (-10% HP) [mutagenic glow]
115815 | Dis:7    | Reached skill level 1 in Dodging
116158 | Dis:7    | Reached skill level 27 in Evocations
116202 | Dis:7    | Reached skill level 5 in Dodging
116322 | Dis:7    | Identified the Papyrus of Enchanting Enhancements
116711 | Dis:7    | Noticed Dispater
116883 | Dis:7    | Reached skill level 10 in Dodging
117072 | Dis:7    | Killed Dispater
117090 | Dis:7    | Got an iron rune of Zot
117299 | Geh:1    | Entered Level 1 of Gehenna
117680 | Geh:7    | Entered Level 7 of Gehenna
117753 | Geh:7    | Noticed the Serpent of Hell
117769 | Geh:7    | Killed the Serpent of Hell
118012 | Geh:7    | Noticed Asmodeus
118034 | Geh:7    | Killed Asmodeus
118060 | Geh:7    | Got an ancient glass ring
118062 | Geh:7    | Identified the ring of Genieple {+Blink rN+ Int-4 Stlth-} (You found it on level 7 of Gehenna)
118084 | Geh:7    | Reached skill level 15 in Dodging
118102 | Geh:7    | Got an obsidian rune of Zot
118132 | Geh:7    | Got a vibrating glass ring
118134 | Geh:7    | Identified the ring of Joleos {+Inv Str+4 Int+4} (You found it on level 7 of Gehenna)
118923 | Tomb:1   | Entered Level 1 of the Tomb of the Ancients
119505 | Tomb:1   | Noticed a greater mummy
119516 | Tomb:1   | Killed a greater mummy
119645 | Tomb:1   | Identified the +11 mace of the Forgotten Princes {freeze, rC++ SInv} (You found it on level 1 of the Tomb of the Ancients)
119806 | Tomb:2   | Noticed a greater mummy
119808 | Tomb:2   | Noticed a greater mummy
119809 | Tomb:2   | Noticed a greater mummy
119810 | Tomb:2   | Noticed a greater mummy
119812 | Tomb:2   | Noticed Jorgrun
119820 | Tomb:1   | Killed a greater mummy
120409 | Pan      | Entered Pandemonium
120466 | Pan      | Found an exit through the horrors of the Abyss.
120513 | Pan      | Noticed Cezoucix the pandemonium lord
120520 | Pan      | Killed Cezoucix the pandemonium lord
121209 | Pan      | Noticed Uriofosi the pandemonium lord
121227 | Pan      | Killed Uriofosi the pandemonium lord
121565 | Pan      | Found an exit through the horrors of the Abyss.
121695 | Pan      | Took an exit into the Abyss.
121695 | Abyss:1  | Escaped into the Abyss
121770 | Depths:3 | Escaped the Abyss
122320 | Tomb:1   | Killed Jorgrun
122322 | Tomb:1   | Killed a greater mummy
122954 | Pan      | Entered Pandemonium
122972 | Pan      | Gained mutation: You are very frail. (-20% HP) [a cacodemon]
123184 | Pan      | Noticed Sethipp the pandemonium lord
123190 | Pan      | Gained mutation: Scrolls take you a little longer to read. [a cacodemon]
123193 | Pan      | Gained mutation: You are dopey. (Int -2) [a cacodemon]
123198 | Pan      | Killed Sethipp the pandemonium lord
123433 | Pan      | Found an exit through the horrors of the Abyss.
123799 | Depths:3 | Escaped Pandemonium
124323 | Tomb:1   | Reached skill level 5 in Maces & Flails
124324 | Tomb:1   | Killed a greater mummy
124366 | Tomb:1   | Killed a greater mummy
124836 | Tomb:1   | Noticed a greater mummy
124855 | Tomb:1   | Killed a greater mummy
124872 | Tomb:1   | Noticed a greater mummy
124879 | Tomb:1   | Killed a greater mummy
124880 | Tomb:1   | Noticed a greater mummy
124888 | Tomb:1   | Killed a greater mummy
124904 | Tomb:1   | Noticed a greater mummy
124910 | Tomb:1   | Killed a greater mummy
124929 | Tomb:1   | Noticed a greater mummy
124950 | Tomb:1   | Killed a greater mummy
124969 | Tomb:1   | Noticed a greater mummy
124980 | Tomb:1   | Killed a greater mummy
125618 | Pan      | Entered Pandemonium
125906 | Pan      | Noticed Fuust the pandemonium lord
125918 | Pan      | Killed Fuust the pandemonium lord
126089 | Pan      | Found an exit through the horrors of the Abyss.
126881 | Pan      | Took an exit into the Abyss.
126881 | Abyss:1  | Escaped into the Abyss
126889 | Depths:3 | Escaped the Abyss
127518 | Tomb:1   | Noticed a greater mummy
127527 | Tomb:1   | Killed a greater mummy
127553 | Tomb:1   | Noticed a greater mummy
127572 | Tomb:1   | Killed a greater mummy
127609 | Tomb:1   | Noticed a greater mummy
127616 | Tomb:1   | Killed a greater mummy
127617 | Tomb:1   | Noticed a greater mummy
127621 | Tomb:1   | Noticed a greater mummy
127623 | Tomb:1   | Killed a greater mummy
127634 | Tomb:1   | Killed a greater mummy
128308 | Pan      | Entered Pandemonium
128455 | Pan      | Found an exit through the horrors of the Abyss.
128459 | Pan      | Found a runed door.
128476 | Pan      | Found a runed door.
128488 | Pan      | Found a runed door.
128771 | Pan      | Found a runed door.
128903 | Pan      | Took an exit into the Abyss.
128903 | Abyss:1  | Escaped into the Abyss
128915 | Abyss:1  | Noticed an ancient lich
128920 | Abyss:1  | Killed an ancient lich
129119 | Depths:3 | Escaped the Abyss
129821 | Tomb:1   | Noticed a greater mummy
129844 | Tomb:1   | Noticed a greater mummy
129846 | Tomb:1   | Killed a greater mummy
129853 | Tomb:1   | Killed a greater mummy
130125 | Tomb:1   | Noticed a greater mummy
130126 | Tomb:1   | Noticed a greater mummy
130132 | Tomb:1   | Killed a greater mummy
130147 | Tomb:1   | Killed a greater mummy
130284 | Tomb:2   | Identified the +6 arbalest "Pimy Wuh" {elec, MP+9 Stlth+} (You took it off a guardian mummy on level 2 of the Tomb of the Ancients)
130289 | Tomb:3   | Entered Level 3 of the Tomb of the Ancients
130350 | Tomb:3   | Noticed a greater mummy
130352 | Tomb:3   | Noticed a greater mummy
131097 | Pan      | Entered Pandemonium
131318 | Pan      | HP: 10/227 [daeva/divine providence (11)]
131543 | Pan      | Got a faintly glowing lead amulet
131546 | Pan      | Identified the amulet of Secrets {Gourm +Inv rPois} (You acquired it in Pandemonium)
132099 | Pan      | Noticed Gelon the pandemonium lord
132116 | Pan      | Killed Gelon the pandemonium lord
132231 | Pan      | Found an exit through the horrors of the Abyss.
132305 | Pan      | Noticed Suodirpha the pandemonium lord
132331 | Pan      | Killed Suodirpha the pandemonium lord
132405 | Pan      | Identified the +1 chain mail "Gayzeoq" {-Cast Str+5 SInv} (You found it in Pandemonium)
132593 | Pan      | Identified the +4 scale mail "Veiv" {rPois Dex-5 Stlth+} (You found it in Pandemonium)
132688 | Pan      | Found an exit through the horrors of the Abyss.
132716 | Depths:3 | Escaped Pandemonium
133471 | Tomb:3   | Noticed a greater mummy
133472 | Tomb:3   | Noticed a greater mummy
133473 | Tomb:3   | Noticed a greater mummy
133473 | Tomb:3   | Noticed a greater mummy
133473 | Tomb:3   | Noticed a greater mummy
133481 | Tomb:3   | Noticed a greater mummy
133485 | Tomb:3   | Killed a greater mummy
133485 | Tomb:3   | Killed a greater mummy
133485 | Tomb:3   | Killed a greater mummy
133488 | Tomb:3   | Killed a greater mummy
133489 | Tomb:3   | Noticed a greater mummy
133492 | Tomb:3   | Killed a greater mummy
133492 | Tomb:3   | Killed a greater mummy
133492 | Tomb:3   | Killed a greater mummy
133496 | Tomb:3   | Killed a greater mummy
133497 | Tomb:3   | Killed a greater mummy
133651 | Tomb:3   | Got a golden rune of Zot
133932 | Tomb:3   | Identified the Guide on Combat Magic
133978 | Tomb:3   | Identified the Reference Book on Mutagenic Sinister Magic
133989 | Tomb:3   | Got a bound tin amulet
133992 | Tomb:3   | Identified the amulet "Onguh" {Spirit Str+3 Int+2} (You found it on level 3 of the Tomb of the Ancients)
134013 | Tomb:3   | Got a scorched jade ring
134016 | Tomb:3   | Identified the ring of Xom's Esteem {*Corrode rC+ MR- Str+4 Int+9} (You found it on level 3 of the Tomb of the Ancients)
134897 | Elf:3    | Lost mutation: You are very frail. (-20% HP) [potion of mutation]
135446 | Zot:5    | Got the Orb of Zot
135785 | Depths:3 | Reached skill level 27 in Dodging
135830 | Depths:1 | Noticed Dibb the pandemonium lord
135830 | Depths:1 | Noticed an ancient lich
135850 | Depths:1 | Killed Dibb the pandemonium lord
135855 | Depths:1 | Killed an ancient lich
136197 | D:$      | Escaped with the Orb!

Vault maps used:
D:1:      dpeg_arrival_arbitrary_a
D:2:      uniq_terence
D:3:      chequers_temple_overflow_minitemple, grunt_ministairs_2, uniq_robin,
          uniq_crazy_yiuf_cottage, uniq_natasha
D:4:      kennysheep_mini, first_bread
D:5:      nicolae_dithmenos_shadow_blocks, kennysheep_decorative_pillar
D:6:      nicolae_qazlal_eye_of_the_storm, vehumet_statue, basic_altar,
          uniq_edmund, uniq_eustachio
D:8:      zin_statuary, basic_altar, special_room, uniq_joseph
D:9:      serial_corexii_hall, corexii_hall_statues_i, corexii_hall_statues_s,
          lemuel_flamethrower_1
D:10:     lair_entry_dummy
D:11:     enter_bailey_3
D:12:     orc_0_dummy, hangedman_fish_farm, uniq_sonja
D:13:     nicolae_gozag_cash_rules_everything_around_me, uniq_rupert,
          uniq_nessos, uniq_azrael
D:14:     lightli_vaults_fourway_checkpoint, minmay_misc_feat_ornament,
          nicolae_trove_entry_diagonal
D:15:     hangedman_depths_entry_try_elsewhere_first, hangedman_decor_push
Temple:   nicolae_temple_hex_pool
Lair:1:   dragon1_lemuel, lab_entry_generic
Lair:2:   minmay_swamp_entry_reptiles
Lair:3:   guppyfry_snake_entry_garden, portal_ice_cave_entry_imps,
          lemuel_fruit_fields, serial_bayou_shore_a, uniq_gastronok
Lair:4:   ldierk_geyser, serial_bayou_pond_a
Lair:5:   slime_altar_1
Lair:6:   cheibrodos_lair_end_hotspot, serial_forest, infiniplex_forest_end_2,
          infiniplex_forest_lined_room_2, infiniplex_forest_corner_2,
          infiniplex_forest_clump_C, infiniplex_forest_clump_double,
          infiniplex_forest_clump_medium, infiniplex_forest_clump_double
Swamp:1:  evilmike_swamp_ruin_house_2
Swamp:2:  hangedman_swamp_ruin_wall, swamp_pool1
Swamp:3:  evilmike_swamp_ruin_rubble_2, grunt_ruined_hall
Swamp:4:  swamp_old_school, uniq_bai_suzhen
Snake:1:  serial_bayou_ford_a, nrook_loot_triangle, basic_loot_grate_trap,
          uniq_agnes
Snake:2:  nicolae_coiled_stairwell_down, serial_bayou_shore_b
Snake:4:  snake_pit_salamanders_mu, serial_shops, shop_fountains,
          basic_stair_grate_trap
Slime:1:  basic_altar, cheibrodos_slime_lost_civilization_7
Orc:2:    grunt_orc_community_town_hall, grunt_orc_community_big_house_2,
          grunt_orc_community_big_house_1, grunt_orc_community_house_1,
          grunt_orc_community_house_2, grunt_orc_community_house_1,
          grunt_orc_community_house_2, grunt_orc_community_house_1,
          grunt_orc_community_house_3, uniq_maurice
Elf:1:    evilmike_minifort, lemuel_blue_sif_altar, uniq_aizul, uniq_asterion
Elf:2:    spider_trap
Elf:3:    minmay_elf_hall_x, serial_shops, shop, minmay_shop_grove,
          uniq_saint_roka
Vaults:1: ontoclasm_vaults_gallery, hangedman_vaults_unwind,
          ontoclasm_vaults_ring_small, nicolae_vaults_mini_display_case,
          nicolae_vaults_gold_heap, nicolae_vaults_back_hallway, v_misc_22,
          v_misc_19, nicolae_vaults_shelves_hall, vaults_room_pool,
          ontoclasm_vaults_decontamination, hangedman_vaults_capsules,
          nicolae_vaults_diagonal_hallway_7, vaults_dpeg_ring, serial_shops,
          nicolae_shop_overgrown_old_shop, nicolae_shop_crystal, shop, shop
Vaults:2: nicolae_vaults_big_ls, v_rooms_6, nicolae_vaults_network_periphery,
          nicolae_vaults_ring_of_whatevers, vaults_room_octagon,
          nicolae_vaults_specimen_jars, nicolae_vaults_little_ls,
          ontoclasm_vaults_ligature, hangedman_vaults_trim, vaults_dpeg_cross,
          nicolae_vaults_network_quinsquares, uniq_mara
Vaults:3: nicolae_vaults_little_squares_6, minmay_crypt_entry_simple_sparse,
          v_misc_24, ontoclasm_vaults_idyll, hangedman_vaults_corner_blocks,
          nicolae_vaults_theta, grunt_vaults_hallway_long, v_misc_22,
          vaults_dpeg_diagonal, v_misc_14, vaults_room_fours,
          ontoclasm_vaults_idyll
Vaults:4: vaults_room_grid, v_misc_24, dpeg_vaults_monster_box,
          vaults_mumra_hexcomb, grunt_vaults_hallway_long, v_misc_2,
          nicolae_vaults_little_squares_4, vaults_dpeg_spiral,
          ontoclasm_vaults_eye, vaults_mumra_chevron_long,
          hangedman_vaults_stream
Vaults:5: serial_shops
Crypt:1:  grunt_crypt_arrival_guarded_gate
Crypt:3:  evilmike_haunted_forest
Tomb:2:   uniq_jorgrun
Depths:1: chequers_big_river, lightli_enter_wizlab_magi_temple, serial_shops,
          nicolae_shop_behind_doors, hell_entry, hallowed_hall, minmay_shop_star
Depths:2: hangedman_six_sided_sadism, abyss_entry, nicolae_lava_and_water,
          hell_entry, roderic_serpentine_path
Depths:3: kennysheep_oblong_rooms, enter_ziggurat_b, grunt_pan_entry_in_and_out,
          minmay_splitting_lines, hell_entry, kennysheep_windowed_goal,
          infiniplex_staircase_split_hallway, basic_stair_grate_trap,
          uniq_frederick
Depths:4: impenetrable_vault, corexii_hall_statues_deadend,
          grunt_mini_vestibule, abyss_entry, minmay_misc_feat_nine_boxes,
          infiniplex_staircase_diamond, uniq_margery, uniq_boris
Depths:5: grunt_zot_entry_tricorne, hangedman_coc_ice_floe, dk_noncrumbling_4
Dis:1:    grunt_deathspiral_small
Dis:4:    hangedman_player_shredder
Dis:6:    hangedman_dis_chains
Dis:7:    dis_st
Geh:4:    lemuel_old_faithful
Geh:6:    lemuel_flamethrower_2
Geh:7:    geh_mu
Coc:7:    coc_dpeg
Tar:2:    nicolae_tar_cuneiform_not
Tar:3:    lemuel_nasty_fountain
Tar:7:    tar_minmay_river
Zot:2:    lemuel_firehouse, zot_minivault_5
Zot:4:    grunt_zot_stairs_mandelzot
Abyss:1:  evilmike_abyss_exit_8, hangedman_decor_lopped,
          serial_sigils_hangedman_shear
Abyss:4:  hangedman_abyss_exit_choices, hangedman_decor_riveting
Pan:      nicolae_pan_giant_door, pan_blood_fountain, rand_demon_5,
          nicolae_pan_sigil_uleosi, evilmike_mini_pan_T,
          pan_blood_fountain_small, grunt_pan_spiral, grunt_pan_sceptre,
          nicolae_pan_sigil_obb, evilmike_mini_pan_diamond,
          pan_blood_fountain_small, rand_demon_6, pan_blood_fountain_small,
          rand_demon_4, nicolae_pan_sigil_uleosi, evilmike_mini_pan_thingy,
          evilmike_mini_pan_layers, pan_blood_fountain_2,
          nicolae_pan_lom_lobonic_2, evilmike_mini_pan_branches,
          nicolae_pan_mnolegish_3, evilmike_mini_pan_doors_b,
          pan_blood_fountain, nicolae_pan_mnolegish_3, evilmike_mini_pan_corner,
          grunt_pan_pentagram, nicolae_pan_sigil_obb, evilmike_mini_pan_doors_b,
          rand_demon_7, grunt_pan_zigzag, pan_blood_fountain,
          nicolae_pan_diamonds, evilmike_mini_pan_diamond,
          nicolae_pan_mnolegish_1, rand_demon_5, mnoleg_grunt,
          nicolae_pan_cerebovesque_3, grunt_pan_sceptre,
          nicolae_pan_door_chamber, evilmike_gloorx_vloq_box, grunt_pan_spiral,
          lom_lobon_st, pan_blood_fountain_2, pan_blood_fountain_small,
          nicolae_pan_mnolegish_5, rand_demon_4, nicolae_pan_mnolegish_1,
          cerebov_grunt, rand_demon_1, nicolae_pan_cerebovesque_1,
          evilmike_mini_pan_corner, pan_disco_hall, pan_blood_fountain_small,
          nicolae_pan_mnolegish_4, evilmike_mini_pan_layers,
          pan_blood_fountain_2, rand_demon_7, pan_blood_fountain_small,
          nicolae_pan_mnolegish_3, nicolae_pan_strange_glyphs,
          evilmike_holy_pan, grunt_pan_in_and_out, evilmike_mini_pan_layers
Lab:      labyrinth_hidden_loot, nicolae_lab_blocks
Trove:    trove_jewel_2
Bailey:   bailey_axe_2, bailey
IceCv:    ice_cave_caverns_03
WizLab:   wizlab_lehudib

Skill      XL: |  1  2  3  4  5  6  7  8  9 10 11 12 13 14 15 16 17 18 19 20 21 22 23 24 25 26 27 |
---------------+----------------------------------------------------------------------------------+-----
Fighting       | 3 4 5 6 7 8 9 10 11 12 13 14 15 16 17 18 27 | 27.0
Axes           | 3 4 5 6 7 9 10 11 12 13 14 15 16 17 18 19 20 21 22 27 | 27.0
Armour         | 4 5 6 7 8 9 10 12 13 14 15 16 17 18 19 27 | 27.0
Slings         | 1 2 3 4 5 6 7 8 9 10 12 27 | 27.0
Shields        | 4 5 6 7 9 11 13 14 15 16 17 18 19 20 21 22 23 24 27 | 27.0
Evocations     | 3 5 7 8 9 10 11 13 15 27 | 27.0
Invocations    | 3 5 8 9 10 12 13 14 15 16 17 18 20 21 22 23 27 | 27.0
Stealth        | 2 3 5 9 10 11 13 25 | 25.2
Maces & Flails | 1 2 5 |  5.9
Spellcasting   | 13 | 13.6
Long Blades    | 12 | 12.3
Unarmed Combat | 2 |  2.0
Short Blades   | 1 |  1.0
Dodging        | 27 | 27.0
Polearms       | |  0.8

Action                   |  1- 3 |  4- 6 |  7- 9 | 10-12 | 13-15 | 16-18 | 19-21 | 22-24 | 25-27 || total
-------------------------+-------+-------+-------+-------+-------+-------+-------+-------+-------++-------
Melee: War axe           |   103 |   186 |   410 |   474 |       |       |       |    67 |       ||  1240
       Hand axe          |       |       |       |   814 |  1952 |       |       |       |       ||  2766
       Hunting sling     |       |       |       |     1 |       |       |       |       |       ||     1
       Mace              |       |       |       |       |    65 |   122 |       |       |       ||   187
       Broad axe         |       |       |       |       |   468 |  1760 |  1766 |  1709 |  8074 || 13777
       Fustibalus        |       |       |       |       |     2 |       |       |       |    19 ||    21
       Halberd           |       |       |       |       |       |       |    13 |       |       ||    13
       Unarmed           |       |       |       |       |       |       |       |       |     1 ||     1
 Fire: Hunting sling     |    13 |    28 |    85 |   186 |   493 |       |       |       |       ||   805
       Fustibalus        |       |       |       |       |    50 |   130 |     3 |    28 |  3170 ||  3381
Throw: Javelin           |       |     1 |     1 |    12 |       |       |       |       |       ||    14
       Tomahawk          |       |       |       |    20 |   191 |   194 |    45 |   170 |   324 ||   944
Invok: Lesser Healing    |       |       |       |    53 |   171 |   155 |   189 |   215 |   382 ||  1165
       Greater Healing   |       |       |       |     2 |     1 |     5 |     2 |     2 |    10 ||    22
       Divine Vigour     |       |       |       |       |     2 |     2 |     2 |     7 |     5 ||    18
       Purification      |       |       |       |       |       |       |       |       |     2 ||     2
       Divine Shield     |       |       |       |       |       |       |       |       |    46 ||    46
       Summon Divine War |       |       |       |       |       |       |       |       |    16 ||    16
       Cleansing Flame   |       |       |       |       |       |       |       |       |    13 ||    13
       Brand Weapon With |       |       |       |       |       |       |       |       |     1 ||     1
 Abil: Heal Wounds       |       |     2 |    20 |    27 |     6 |     5 |     4 |     1 |    26 ||    91
       Evoke Berserk Rag |       |       |       |     1 |    26 |    16 |       |       |       ||    43
       Evoke Flight      |       |       |       |       |     3 |     6 |     2 |     1 |    22 ||    34
       Evoke Invisibilit |       |       |       |       |     1 |     1 |       |       |       ||     2
       Turn Visible      |       |       |       |       |       |     1 |       |       |       ||     1
Evoke: Wand              |       |       |       |    25 |    20 |     6 |     2 |     3 |    17 ||    73
       Fan of gales      |       |       |       |     1 |       |       |       |       |       ||     1
       Phial of floods   |       |       |       |       |     1 |     1 |       |       |       ||     2
       Phantom mirror    |       |       |       |       |       |       |       |       |     4 ||     4
  Use: Scroll            |       |     8 |     6 |    17 |    10 |    11 |    14 |     9 |    67 ||   142
       Potion            |       |     5 |     3 |     8 |    13 |     9 |     2 |     7 |    69 ||   116
 Stab: Paralysed         |       |       |       |    12 |       |       |       |       |       ||    12
       Distracted        |       |       |       |       |     1 |       |     4 |       |     3 ||     8
       Invisible         |       |       |       |       |       |       |       |       |    15 ||    15
       Confused          |       |       |       |       |       |       |       |       |     1 ||     1
  Eat: Chunk             |     1 |     5 |     9 |    22 |    95 |    29 |    52 |    36 |    95 ||   344
       Pizza             |       |     1 |       |     2 |       |     1 |     1 |     4 |    10 ||    19
       Fruit             |       |       |     2 |     1 |     6 |     5 |       |     2 |    15 ||    31
       Beef jerky        |       |       |       |     2 |     3 |     5 |     1 |       |    14 ||    25
       Meat ration       |       |       |       |     1 |       |     3 |       |       |    12 ||    16
       Bread ration      |       |       |       |       |       |     5 |     2 |     8 |    23 ||    38
       Royal jelly       |       |       |       |       |       |     1 |       |       |     9 ||    10
Armor: Scale mail        |    54 |     1 |       |       |       |       |       |       |       ||    55
       Fire dragon scale |       |   120 |   140 |       |       |       |       |       |       ||   260
       Ring mail         |       |     1 |       |       |       |       |       |       |       ||     1
       Plate armour      |       |       |   123 |   595 |   885 |  1116 |   415 |   552 |   534 ||  4220
       Storm dragon scal |       |       |       |       |       |     1 |       |       |       ||     1
       Gold dragon scale |       |       |       |       |       |       |       |       |  1732 ||  1732
Dodge: Dodged            |    49 |    59 |   119 |   155 |   231 |   467 |   197 |   218 |   871 ||  2366
Block: Shield            |    84 |   101 |   237 |   298 |       |   202 |       |       |       ||   922
       Large shield      |       |       |       |   629 |  2280 |  2188 |  1524 |  1788 |  9193 || 17602
